 Dungeon Crawl Stone Soup version 0.20-a0-795-ga03948b (webtiles) character file.

844193 M4edhros the Sorcerer (level 27, -6/163 HPs)
             Began as a Felid Chaos Knight on Feb 28, 2017.
             Was the Champion of Cheibriados.
             Killed by drain life
             ... invoked by a soul eater
              (9 damage)
             ... in Pandemonium on Mar 1, 2017.
             The game lasted 04:32:46 (148319 turns).

M4edhros the Sorcerer (Felid Chaos Knight)        Turns: 148319, Time: 04:32:47

Health: -6/163     AC: 29    Str: 29    XL:     27
Magic:  24/41      EV: 49    Int: 31    God:    Cheibriados [******]
Gold:   4437       SH:  0    Dex: 32    Spells: 3/74 levels left
                                        Lives:  0   Deaths: 9

rFire    + . .     SeeInvis +     - Unarmed
rCold    . . .     Gourm    .   (armour unavailable)
rNeg     + . .     Faith    .   (shield unavailable)
rPois    ∞         Spirit   .   (helmet unavailable)
rElec    +         Reflect  .   (cloak unavailable)
rCorr    .         Harm     .   (gloves unavailable)
MR       ++++.                  (boots unavailable)
Stlth    +++++++++.             x - amulet of regeneration
Regen    1.8/turn               w - +6 ring of evasion
MPRegen  0.3/turn               D - ring of Lealur {rElec rF+ Dex-3 Stlth+}

@: statue-form, sap magic, very slightly contaminated, regenerating, magic
sapped, very slow
A: no armour, no weapons or thrown items, stealth, antennae 1, claws 1, fangs 3,
(molten scales 0), see invisible, carnivore 3, (speed 0), frail 1, low mp 2,
mutation resistance 1, sense surroundings 3, (shaggy fur 0), slow metabolism 1,
no potion heal 2, MP-powered wands, sharp paws
}: 8/15 runes: serpentine, barnacled, slimy, silver, iron, obsidian, bone,
abyssal
a: End Transformation, Bend Time, Temporal Distortion, Slouch, Step From Time,
Renounce Religion


You were in Pandemonium.
You worshipped Cheibriados.
Cheibriados was exalted by your worship.
You were not hungry.
You were a stone statue.
You visited 16 branches of the dungeon, and saw 80 of its levels.
You visited Pandemonium 1 time, and saw 8 of its levels.
You visited the Abyss 3 times.
You also visited: Labyrinth, Sewer and Wizlab.

You collected 10900 gold pieces.
You spent 6463 gold pieces at shops.

Inventory:

Jewellery
 m - an uncursed ring of protection from cold
 v - the amulet of Vashil {RegenMP -Tele rElec rF+ rN+ Str+4}
   (You took it off a deep elf mage on level 5 of the Vaults)

   [amulet of magic regeneration]

   It increases your magic regeneration.
   It affects your strength (+4).
   It protects you from fire.
   It insulates you from electricity.
   It protects you from negative energy.
   It prevents most forms of teleportation.
 w - a +6 ring of evasion (right paw)
 x - an amulet of regeneration (around neck)
 D - the ring of Lealur (left paw) {rElec rF+ Dex-3 Stlth+}
   (Xom gifted it to you in the Ecumenical Temple)

   [ring of stealth]

   It affects your dexterity (-3).
   It protects you from fire.
   It insulates you from electricity.
   It makes you more stealthy.
 S - a +5 ring of evasion
Wands
 i - a wand of acid (5/15)
 k - a wand of lightning (12/15)
 r - a wand of lightning (2/15)
 y - a wand of iceblast (9/15)
 B - a wand of clouds (8/9)
 F - a wand of clouds (1/9)
 I - a wand of scattershot (6/9)
 M - a wand of digging (7/24)
 O - a wand of acid (3/15)
 U - a wand of lightning (5/15)
 X - a wand of lightning (5/15)
 Z - a wand of iceblast (9/15)
Scrolls
 c - 7 scrolls of fear
 d - 14 scrolls of teleportation
 e - 7 scrolls of recharging
 l - 12 scrolls of magic mapping
 o - a scroll of remove curse
 p - a scroll of summoning
 s - 2 scrolls of blinking
 t - 8 scrolls of fog
 C - a scroll of holy word
 J - 5 scrolls of identify
 K - 8 scrolls of immolation
 N - 4 scrolls of silence
Potions
 b - 4 potions of flight
 g - 21 potions of curing
 h - 8 potions of heal wounds
 n - 10 potions of brilliance
 z - 5 potions of invisibility
 A - 5 potions of resistance
 E - 4 potions of cancellation
 H - 4 potions of magic
 Q - 4 potions of might
 Y - a potion of agility
Miscellaneous
 f - 6 sacks of spiders
 j - a phial of floods
 q - a fan of gales
 u - a lamp of fire
 P - the horn of Geryon
 T - a lightning rod (4/4)
 V - 3 boxes of beasts
 W - 5 phantom mirrors
Comestibles
 a - 42 meat rations
 L - a royal jelly


   Skills:
 - Level 23.2 Fighting
 - Level 21.9 Dodging
 - Level 22.0 Stealth
 - Level 22.5 Unarmed Combat
 - Level 24.1 Spellcasting
 - Level 6.0 Conjurations
 - Level 4.1 Hexes
 - Level 10.0 Charms
 - Level 11.5 Summonings
 - Level 17.9 Necromancy
 - Level 16.1 Translocations
 - Level 12.1 Transmutations
   Level 12.1 Fire Magic
 * Level 20.2 Air Magic
 - Level 11.3 Earth Magic
 + Level 9.9 Invocations
 + Level 19.5 Evocations


You had 3 spell levels left.
You knew the following spells:

 Your Spells              Type           Power        Failure   Level  Hunger
a - Mephitic Cloud        Conj/Pois/Air  ######..     1%          3    None
b - Confusing Touch       Hex            ######       3%          1    None
c - Statue Form           Tmut/Erth      #######..    6%          6    None
d - Tornado               Air            ########..   45%         9    #####..
e - Blink                 Tloc           N/A          1%          2    None
f - Regeneration          Chrm/Necr      #######...   1%          3    None
g - Apportation           Tloc           ######       1%          1    None
h - Infestation           Necr           #######...   17%         8    ###....
j - Lee's Rapid Deconstr  Erth           #######...   3%          5    None
l - Song of Slaying       Chrm           #######.     1%          2    None
m - Shroud of Golubria    Chrm/Tloc      #######...   1%          2    None
n - Deflect Missiles      Chrm/Air       #######...   3%          6    None
o - Summon Forest         Summ/Tloc      #######...   2%          5    None
p - Control Undead        Necr           #######...   1%          4    None
q - Malign Gateway        Summ/Tloc      #######...   12%         7    None
r - Haunt                 Necr/Summ      #######...   8%          7    None


Dungeon Overview and Level Annotations

Branches:
Dungeon (15/15)            Temple (1/1) D:5            Lair (6/6) D:10
 Shoals (4/4) Lair:4        Snake (4/4) Lair:4        Slime (5/5) Lair:5
    Orc (2/2) D:12            Elf (3/3) Orc:2        Vaults (5/5) D:14
  Crypt (3/3) Vaults:3       Tomb (0/3) Crypt:3      Depths (5/5) D:15
   Hell (1/1)                 Dis (7/7) Hell            Geh (7/7) Hell
    Tar (7/7) Hell            Zot (5/5) Depths:5
    Coc: Hell:1

Altars:
Ashenzari
Cheibriados
Dithmenos
Elyvilon
Fedhas
Gozag
Hepliaklqana
Kikubaaqudgha
Makhleb
Nemelex Xobeh
Okawaru
Qazlal
Ru
Sif Muna
Trog
Uskayaw
Vehumet
Wu Jian
Xom
Yredelemnul
Zin
The Shining One
Beogh
Jiyva

Shops:
D:4 (   D:10 }   D:11 *   Orc:2 }%*}   Shoals:2 [(!:   Snake:2 [**:[
Snake:4 *   Vaults:1 (   Vaults:5 [   Depths:1 %[%}   Depths:4 (   Depths:5 *

Portals:
Hell: Depths:1 Depths:2 Depths:3 Depths:4 Depths:5
Abyss: Depths:1 Depths:4
Pandemonium: Depths:3
Ziggurat: Depths:5

Annotations:
D:5 exclusion: upstairs
Shoals:1 exclusion: Roxanne, Roxanne
Elf:2 3 runed doors
Hell exclusion: ice statue


Innate Abilities, Weirdness & Mutations

You cannot wear armour.
You are incapable of wielding weapons or throwing items.
Your paws allow you to move quietly. (Stealth)
You have sharp claws.
You have razor-sharp teeth.
You have supernaturally acute eyesight. (SInv)
You are carnivorous and can eat meat at any time.
((You cover ground quickly.))
((Your thick and shaggy fur keeps you warm. (AC +3, rC+)))
You have a slow metabolism.
Your sharp claws are effective at attacking unaware monsters.
You have a pair of small antennae on your head.
((You are partially covered in molten scales. (AC +2)))
You are frail. (-10% HP)
Your magical capacity is very low. (-20% MP)
You are somewhat resistant to further mutation.
You passively map a large area around you.
Potions are poor at restoring your health.
You expend magic power (3 MP) to strengthen your wands.


Message History

Unknown command.
Unknown command.
Unknown command.
The gelid warmonger blocks your attack.
The gelid warmonger is severely wounded.
A root smacks the soul eater from below.
Your dryad calls out to the forest.
Vines fly forth from the trees!
The gelid warmonger completely misses you.
Unknown command.
Unknown command.
The gelid warmonger blocks your attack.
The gelid warmonger is severely wounded.
A tree reaches out and hits the soul eater!
The smoke demon gestures at you. Something smites you!
* * * LOW HITPOINT WARNING * * *
The soul eater draws from the surrounding life force!
You die...
Xom bursts into laughter!

###### ##### ### ##....##
#...♣ #..# ###......♣♣#
#♣...♣# *#... *
###..........##♣♣.....♣# ..#*
*
##............##.......#..#**
, ...............♣.......♣..#
* .........♣.(..♣........≈∩#
* ,,
.............∩......≈.≈≈.# ,
...........♣....8..≈≈≈≈≈.# *
.................6R≈[≈.≈.# *
..............w..3..)≈...# ,
##.......♣....♣♣...3.≈...# *
..#..........♣#♣..♣[3≈w♣..# *
* ...##.....♣..##♣....[..♣..#
*
....#####..♣..###.♣..3#♣#...,
,
!....###..♣##..##♣.....###...
, .......#..#
#..##..###..#*#.. ,


You could see a gelid warmonger, 3 soul eaters, a smoke demon, a friendly dryad
and 2 friendly snaplasher vines.

Vanquished Creatures
  Asmodeus (Geh:7)
  the Royal Jelly (Slime:5)
  Ereshkigal (Tar:7)
  Dispater (Dis:7)
  Khufu (Crypt:2)
  4 orbs of fire
  Mennas (Depths:5)
  7 ancient liches
  2 greater mummies (Crypt:2)
  Boris (Crypt:1)
  A curse toe (Zot:2)
  Geryon (Hell)
  2 caustic shrikes (Depths:3)
  Saint Roka (Vaults:3)
  A Killer Klown (Zot:5)
  12 golden dragons
  the Enchantress (Depths:3)
  9 bone dragons
  An electric golem (Zot:5)
  9 iron giants
  38 Tzitzimimeh
  Jorgrun (Shoals:2)
  A hellephant (Abyss:4)
  7 doom hounds
  17 Brimstone Fiends
  17 tentacled monstrosities
  3 Ice Fiends
  13 Hell Sentinels
  17 liches
  19 Orb Guardians (Zot:5)
  6 quicksilver dragons
  3 deep elf master archers
  2 deep elf blademasters (Elf:3)
  10 titans
  2 pandemonium lords (Pan)
  23 acid blobs
  The ghost of lolicon the Earth Mage, an adept GrEE of Vehumet (Snake:4)
  2 krakens (Shoals:3)
  An Executioner (Pan)
  2 tentacled starspawn (Abyss:4)
  7 death cobs
  Polyphemus (Shoals:2)
  4 eldritch tentacles
  8 sphinxes
  26 shadow dragons
  2 warmongers (Pan)
  22 ancient champions
  Kirke (D:15)
  Donald (Shoals:3)
  9 tengu reavers
  13 storm dragons
  4 revenants
  9 nagarajas
  Ilsuiw (Shoals:3)
  The ghost of Beneditct the Imperceptible, an adept SpEn of Dithmenos (Shoals:4)
  12 fire giants
  4 draconian monks
  18 azure jellies
  6 draconian knights
  9 iron dragons
  13 frost giants
  19 balrugs
  9 deep elf sorcerers
  2 draconian scorchers
  2 orc warlords
  A ghost moth (Zot:3)
  An angel (Pan)
  15 vault wardens
  6 cacodemons
  9 draconian shifters
  65 reapers
  13 war gargoyles (Dis:7)
  22 very ugly things
  3 draconian stormcallers
  5 spriggan defenders
  20 ironheart preservers
  Aizul (Shoals:2)
  6 deep elf elementalists
  2 ghouls (Crypt:2)
  2 caustic shrike skeletons
  3 blood saints (Pan)
  9 draconian annihilators
  3 entropy weavers
  8 black draconians
  29 stone giants
  41 starcursed masses
  3 lorocyprocas
  8 green draconians
  7 purple draconians
  7 deep elf demonologists
  12 deep elf annihilators
  Azrael (Snake:1)
  17 vampire knights
  8 red draconians
  10 yellow draconians
  3 corrupters (Pan)
  4 dire elephants (Abyss:4)
  8 white draconians
  5 spark wasps
  18 ettins
  4 eidola
  3 orange crystal statues
  11 death oozes
  10 blizzard demons
  A minotaur (Lab)
  8 merfolk javelineers
  A green death (Dis:7)
  5 quicksilver dragon zombies
  3 merfolk impalers (Shoals:4)
  A minotaur (shapeshifter) (Depths:5)
  8 deep elf death magi
  11 fire dragons
  9 deep elf high priests
  Josephine (Lair:4)
  9 jiangshi
  18 yaktaur captains
  14 great orbs of eyes
  28 vault guards
  14 ogre magi
  6 merfolk aquamancers
  7 rakshasas
  4 catoblepae
  6 hydras
  3 hell beasts
  6 quicksilver dragon skeletons
  3 ghost crabs
  7 spriggan air magi
  20 naga warriors
  3 merfolk avatars
  16 ice dragons
  13 centaur warriors
  45 two-headed ogres
  3 alligator snapping turtles (Shoals:4)
  3 death knights
  10 anacondas
  An anaconda (shapeshifter) (Vaults:1)
  6 deep troll shamans
  5 satyrs
  14 deep troll earth magi
  A two-headed ogre (shapeshifter) (Vaults:1)
  9 death yaks
  10 vampire magi
  3 tengu warriors
  5 orc high priests
  18 dancing weapons
  17 hell hogs
  7 thrashing horrors (Abyss:4)
  11 shock serpents
  7 titan zombies
  20 deep elf knights
  19 naga sharpshooters
  3 storm dragon zombies
  25 soul eaters
  2 spriggans (Depths:3)
  16 shadow wraiths
  Nergalle (D:10)
  8 titan skeletons
  4 iron golems (Dis:7)
  4 salamander mystics
  9 wretched stars (Abyss:4)
  34 hell knights
  21 sun demons
  A fire crab (Lair:3)
  4 ghost moth zombies
  10 iron trolls
  A fire crab (shapeshifter) (Vaults:1)
  130 skeletal warriors
  2 sixfirhies
  4 spatial maelstroms (Abyss:4)
  2 unseen horrors
  18 flayed ghosts
  2 spark wasp zombies
  A deep troll (shapeshifter) (Vaults:1)
  17 sea snakes
  5 storm dragon skeletons
  20 shadow demons
  4 torturous demonspawn (Pan)
  30 deep trolls
  5 golden dragon zombies
  5 glowing orange brains
  An entropy weaver zombie (Crypt:2)
  An unseen horror (shapeshifter) (Vaults:5)
  8 wizards
  5 anaconda zombies
  11 naga ritualists
  An infernal demonspawn (Pan)
  18 deep elf archers
  7 wolf spider zombies
  17 ironbrand convokers
  A shadow dragon zombie (Tar:7)
  6 golden dragon skeletons
  2 lindwurms (shapeshifter) (Depths:3)
  21 phantasmal warriors
  18 necromancers
  2 anaconda skeletons (Geh:4)
  A sphinx zombie (Crypt:1)
  42 harpies
  3 oklob plants (Lair:5)
  16 orc knights
  53 ugly things
  6 orc sorcerers
  6 stone giant zombies
  13 fauns
  A sphinx skeleton (Vaults:2)
  5 frost giant zombies
  8 iron dragon zombies
  2 worldbinders (Abyss:4)
  53 deep elf magi
  22 moths of wrath
  5 fire giant zombies
  3 shadow dragon skeletons
  5 mana vipers
  6 cyclopes
  3 shining eyes
  A wolf spider (shapeshifter) (D:12)
  A moth of wrath (shapeshifter) (Vaults:5)
  A mana viper (shapeshifter) (Vaults:2)
  8 wolf spiders
  5 frost giant skeletons
  2 elephants (Abyss:4)
  The ghost of Aksej the Covert, a novice OpAs of Wu Jian (D:5)
  21 salamanders
  2 shining eyes (shapeshifter)
  15 manticores
  46 black mambas
  8 human skeletons
  4 stone giant skeletons
  3 guardian serpents (shapeshifter)
  2 iron dragon skeletons (Crypt:3)
  9 water nymphs
  12 merfolk sirens
  20 smoke demons
  2 black mambas (shapeshifter)
  A water nymph (shapeshifter) (Vaults:2)
  30 rust devils
  A dire elephant zombie (Geh:7)
  A gargoyle (D:15)
  2 shock serpent zombies
  A storm dragon simulacrum (Vaults:4)
  2 apocalypse crabs (Abyss:4)
  6 fire giant skeletons
  8 molten gargoyles
  29 naga magi
  4 orange demons
  A white draconian zombie (Crypt:1)
  24 hellions
  A catoblepas zombie (Dis:2)
  3 shock serpent skeletons
  18 vault sentinels
  29 spiny frogs
  8 efreet
  6 guardian serpents
  An eye of devastation (Pan)
  A yaktaur zombie (Vaults:2)
  A green draconian zombie (Geh:3)
  A death yak zombie (Crypt:2)
  A rime drake (Lair:4)
  A dire elephant skeleton (Tar:7)
  2 komodo dragons (shapeshifter)
  8 komodo dragons
  61 yaktaurs
  3 yaktaurs (shapeshifter)
  A spiny frog (shapeshifter) (Vaults:3)
  A demonic crawler (Pan)
  An emperor scorpion zombie (Dis:1)
  38 tormentors
  24 freezing wraiths
  2 hellwings
  16 ice devils
  A black draconian skeleton (Crypt:2)
  A harpy zombie (Dis:1)
  5 ancient zymes
  3 guardian mummies (Crypt:3)
  20 red devils
  2 yaktaur skeletons
  7 wind drakes
  5 silent spectres
  7 trolls
  26 merfolk
  A catoblepas skeleton (Crypt:1)
  5 hydra zombies
  4 tengu conjurers
  A golden dragon simulacrum (Depths:2)
  An anaconda simulacrum (Hell)
  A sphinx simulacrum (Vaults:3)
  2 polar bears
  A troll (shapeshifter) (D:15)
  A wolf spider simulacrum (D:15)
  Prince Ribbit (D:6)
  3 ice dragon zombies
  2 wind drakes (shapeshifter) (Vaults:3)
  2 raiju (shapeshifter)
  17 blink frogs
  A death drake skeleton (Crypt:3)
  A hydra skeleton (Geh:2)
  11 raiju (Abyss:4)
  7 hornets
  6 snapping turtles
  2 alligator zombies
  15 hippogriffs
  18 dream sheep
  A blink frog (shapeshifter) (Vaults:4)
  A frost giant simulacrum (Depths:1)
  6 ettin zombies
  A meliai zombie (D:13)
  2 spriggan zombies
  114 slime creatures
  3 stone giant simulacra
  A hippogriff (shapeshifter) (Depths:4)
  4 fire dragon zombies
  7 ynoxinuls
  3 alligator skeletons
  14 redbacks
  4 ice dragon skeletons
  76 flying skulls
  2 black mamba zombies
  A satyr skeleton (Crypt:1)
  2 spriggans (shapeshifter)
  5 air elementals
  A vampire (D:14)
  A redback (shapeshifter) (Depths:3)
  28 shadows
  36 wraiths
  13 wyverns
  5 fire dragon skeletons
  4 ettin skeletons
  14 water elementals
  23 yaks
  10 hungry ghosts
  A hog (shapeshifter) (Depths:3)
  A black mamba skeleton (Crypt:3)
  A yak (shapeshifter) (Depths:3)
  3 basilisks
  25 fire elementals
  5 hogs
  A golden eye (Abyss:4)
  2 humans (shapeshifter)
  7 chaos spawn
  26 vampire mosquitoes
  2 human simulacra
  A human (D:8)
  4 neqoxecs
  A warg (shapeshifter) (Vaults:5)
  A deep troll zombie (Vaults:2)
  52 nagas
  10 wargs
  7 spatial vortices
  2 swamp worms (shapeshifter) (Vaults:5)
  2 acid dragons
  2 soldier ants (D:12)
  15 large abominations
  3 spiny frog zombies
  24 water moccasins
  An insubstantial wisp (Abyss:4)
  79 hell hounds
  2 floating eyes (Slime:5)
  66 orc warriors
  A water moccasin (shapeshifter) (Sewer)
  A merfolk skeleton (Crypt:1)
  12 porcupines
  6 sky beasts
  5 spiny frog skeletons
  A swamp drake (Orc:1)
  2 black bears (shapeshifter)
  2 manticore zombies
  5 ice beasts
  3 black bears
  An elephant zombie (Lair:5)
  5 snapping turtle zombies
  2 dream sheep zombies
  A blink frog skeleton (Crypt:3)
  2 swamp dragon zombies
  25 boggarts
  4 phantoms
  An ettin simulacrum (Depths:2)
  21 necrophages
  A swamp dragon skeleton (Tar:2)
  10 eyes of draining
  46 ogres
  9 wolves
  A torpor snail zombie (Crypt:3)
  An elf skeleton (Vaults:3)
  A manticore skeleton (Tar:7)
  8 centaurs
  16 crocodiles
  5 snapping turtle skeletons
  A hog skeleton (Crypt:2)
  A big kobold (shapeshifter) (Vaults:5)
  Blork the orc (Orc:1)
  8 big kobolds
  3 human zombies
  A bullfrog (shapeshifter) (Depths:2)
  22 bullfrogs
  4 wyvern zombies
  2 earth elementals (Elf:1)
  A glowing shapeshifter simulacrum (Vaults:2)
  A hornet simulacrum (D:15)
  10 small abominations
  6 scorpions
  2 troll zombies
  A killer bee (shapeshifter) (D:5)
  14 killer bees
  52 wights
  10 howler monkeys
  4 electric eels
  2 basilisk zombies (Lair:5)
  16 crimson imps
  4 bullfrog zombies
  5 centaur zombies
  A quasit (D:12)
  9 jellies
  A gnoll shaman (D:2)
  3 centaur skeletons
  38 orc priests
  5 bullfrog skeletons
  A hound (shapeshifter) (Depths:3)
  10 hounds
  30 orc wizards
  43 iron imps
  4 iguanas
  Ijyb (D:3)
  14 worker ants
  An ogre zombie (Crypt:2)
  A crocodile zombie (Lair:5)
  A deep dwarf zombie (Crypt:3)
  A tengu zombie (Dis:2)
  A big kobold zombie (Crypt:3)
  A deep dwarf skeleton (Crypt:3)
  A tengu skeleton (Tar:3)
  A hound zombie (D:9)
  6 mummies
  22 adders
  27 gnolls
  2 howler monkey skeletons
  2 river rats (Sewer)
  15 shadow imps
  6 white imps
  An ufetubus (Abyss:3)
  4 oozes (Sewer)
  An iguana zombie (Crypt:1)
  3 adder skeletons
  7 worms
  7 dart slugs
  10 leopard geckos
  158 orcs
  6 ball pythons
  11 giant cockroaches
  21 goblins
  9 hobgoblins
  9 jackals
  37 kobolds
  7 quokkas
  17 bats
  16 frilled lizards
  A giant cockroach zombie (Crypt:1)
  2 kobold skeletons
  2 leopard gecko skeletons (D:4)
  A leopard gecko zombie (D:5)
  An orc zombie (Tar:7)
  17 rats
  A butterfly (Lair:5)
  2 crawling corpses (Depths:4)
  A lurking horror (Abyss:4)
  A plant (Lair:5)
  2 starspawn tentacles
  8 tentacles (Shoals:3)
4437 creatures vanquished.

Vanquished Creatures (collateral kills)
  An orb of fire (Zot:3)
  2 ancient liches (Zot:5)
  A bone dragon (Abyss:3)
  An electric golem (Zot:5)
  2 Tzitzimimeh (Tar:7)
  5 Brimstone Fiends
  4 iron giants
  An Ice Fiend (Pan)
  2 Orb Guardians (Zot:5)
  2 Hell Sentinels
  5 ancient champions
  An eldritch tentacle (Tar:7)
  An Executioner (Pan)
  2 tentacled starspawn
  3 shadow dragons
  A blood saint (Pan)
  An iron dragon (Dis:7)
  A black sun (Pan)
  A cacodemon (Dis:7)
  A draconian stormcaller (Zot:3)
  A draconian annihilator (Zot:3)
  9 reapers
  4 war gargoyles (Dis:7)
  A very ugly thing (Abyss:4)
  2 corrupters (Pan)
  A lorocyproca (Dis:7)
  A green draconian (Zot:5)
  A purple draconian (Zot:3)
  A yellow draconian (Zot:3)
  A blizzard demon (Pan)
  A green death (Pan)
  8 hell hogs
  A thrashing horror (Abyss:4)
  8 hell knights (Geh:7)
  2 storm dragon zombies
  3 sun demons
  2 iron golems (Dis:7)
  A wretched star (Abyss:4)
  An iron troll (Dis:7)
  3 soul eaters (Tar:7)
  4 skeletal warriors
  A shadow wraith (Tar:7)
  A sixfirhy (Pan)
  An anaconda zombie (Tar:7)
  A flayed ghost (Geh:7)
  A torturous demonspawn (Pan)
  A gelid demonspawn (Pan)
  6 shadow demons
  A glowing orange brain (Abyss:4)
  6 large abominations
  A golden dragon skeleton (Geh:3)
  2 iron dragon zombies
  A necromancer (Geh:7)
  A shadow dragon skeleton (Geh:7)
  2 moths of wrath
  A stone giant skeleton (Dis:2)
  7 smoke demons
  A frost giant skeleton (Tar:6)
  A molten gargoyle (Geh:7)
  A shock serpent zombie (Geh:4)
  4 rust devils
  An orange demon (Pan)
  4 hellions
  3 demonic crawlers (Pan)
  2 efreet (Geh:7)
  6 tormentors
  An ice devil (Pan)
  2 yaktaurs (Vaults:5)
  2 hellwings
  11 red devils
  A harpy zombie (Dis:7)
  An ettin zombie (Geh:7)
  A hydra skeleton (Geh:7)
  6 raiju (Abyss:4)
  A fire dragon zombie (Dis:7)
  23 flying skulls
  A stone giant simulacrum (Tar:5)
  9 ynoxinuls
  3 fire elementals
  A wraith (Dis:7)
  9 neqoxecs
  A gelid demonspawn zombie (Tar:7)
  15 hell hounds
  4 necrophages
  A snapping turtle zombie (Dis:7)
  3 small abominations (Abyss:4)
  2 killer bees (D:7)
  3 wights
  A crimson imp (Geh:5)
  11 starcursed masses (Abyss:4)
  7 iron imps
  A shadow imp (Tar:7)
  2 lurking horrors (Abyss:4)
  4 starspawn tentacles
278 creatures vanquished.

Vanquished Creatures (others)
  57 eldritch tentacles
  An ancient champion (Dis:3)
  A black draconian (Zot:1)
  A sixfirhy (Abyss:4)
  A necromancer (Depths:3)
  A deep elf mage (Vaults:1)
  2 moths of wrath (Zot:5)
  A frost giant skeleton (Geh:2)
  A tormentor (Dis:2)
  A red devil (Dis:2)
  A raiju (Abyss:4)
  A slime creature (Slime:5)
  A flying skull (Geh:7)
  A shadow (Geh:2)
  A wraith (Geh:7)
  A fire dragon skeleton (Geh:7)
  3 humans (D:15)
  4 large abominations (Abyss:4)
  A naga (Snake:2)
  2 hell hounds (Dis:7)
  An ogre (Vaults:1)
  A killer bee (D:7)
  6 wights
  An electric eel (Lair:3)
  A quasit (Abyss:4)
  2 small abominations (Abyss:4)
  2 iron imps (Dis:7)
  A mummy (Dis:6)
  A white imp (Abyss:4)
  31 fungi
  2 lurking horrors (Abyss:4)
  49 plants
  9 snaplasher vines
  5 starspawn tentacles
  9 tentacles (Shoals:3)
204 creatures vanquished.

Grand Total: 4919 creatures vanquished

Notes
Turn   | Place    | Note
-------+----------+-------------------------------------------
     0 | D:1      | M4edhros the Felid Chaos Knight began the quest for the Orb.
     0 | D:1      | Reached XP level 1. HP: 10/10 MP: 2/2
    27 | D:1      | XOM: potion effect (experience)
    27 | D:1      | Reached XP level 2. HP: 13/14 MP: 3/3
   470 | D:1      | Reached XP level 3. HP: 10/17 MP: 4/4
   471 | D:1      | Reached skill level 1 in Stealth
   531 | D:1      | XOM: cloud trail
   537 | D:1      | XOM: noise
  1043 | D:1      | XOM is BORED!
  1043 | D:1      | XOM: noise
  1093 | D:1      | XOM: divination: detect items
  1161 | D:1      | XOM: god gift: 53 gold pieces
  1356 | D:1      | XOM: 5-stop teleportation journey
  1484 | D:1      | XOM: 2-stop teleportation journey
  1516 | D:1      | Identified Xom's Grimoire of Articulation (Xom gifted it to you on level 1 of the Dungeon)
  1516 | D:1      | XOM: god gift: Xom's Grimoire of Articulation
  1524 | D:1      | Learned a level 1 spell: Sandblast
  2301 | D:1      | XOM: cloud trail
  2431 | D:1      | XOM: scenery: create altars
  2632 | D:1      | XOM: give mutations
  2632 | D:1      | Gained mutation: Your flesh is heat resistant. (rF+) [Xom's grace]
  2632 | D:1      | Gained mutation: Your spells are a little harder to cast, but a little more powerful. [Xom's grace]
  2632 | D:1      | Gained mutation: You are agile. (Dex +2) [Xom's grace]
  2879 | D:1      | XOM is BORED!
  2879 | D:1      | XOM: summons 1 hostile demon
  3231 | D:2      | Found a glowing golden altar of the Shining One.
  3233 | D:2      | Noticed an angel
  3260 | D:2      | Noticed Robin
  3266 | D:2      | Noticed Robin
  3266 | D:2      | Robin changed into Robin the rat
  3266 | D:2      | XOM: polymorph Robin -> Robin the rat
  3400 | D:1      | XOM: silly message
  3468 | D:1      | XOM: confusion (+ monsters)
  3474 | D:1      | XOM: divination: detect items
  3481 | D:1      | Reached XP level 4. HP: 21/21 MP: 5/5
  4182 | D:1      | XOM: give mutation
  4182 | D:1      | Gained mutation: You can translocate small distances at will. [Xom's grace]
  4740 | D:1      | XOM: summons 2 hostile demons
  5001 | D:1      | XOM: give mutation
  5001 | D:1      | Gained mutation: Your body sometimes deteriorates upon taking damage. [Xom's mischief]
  5849 | D:1      | XOM: mild Conj miscast
  5954 | D:1      | XOM: mild Conj miscast
  7102 | D:1      | XOM: noise
  7574 | D:1      | Reached skill level 1 in Spellcasting
  7826 | D:1      | XOM: 4-stop teleportation journey
  7897 | D:1      | XOM: noise
  8748 | D:1      | XOM: god gift: brass wand {god gift}
  9919 | D:1      | XOM: give mutation
  9919 | D:1      | Gained mutation: Your muscles are strong. (Str +2) [Xom's grace]
 10190 | D:1      | XOM is BORED!
 10190 | D:1      | XOM: give mutations
 10190 | D:1      | Lost mutation: You are agile. (Dex +2) [Xom's mischief]
 10190 | D:1      | Gained mutation: You occasionally shout uncontrollably at your foes. [Xom's mischief]
 10370 | D:1      | XOM: scenery: create altars
 10755 | D:1      | XOM: give mutations
 10755 | D:1      | Gained mutation: You have a pair of small horns on your head. [Xom's grace]
 10755 | D:1      | Gained mutation: You possess an exceptional clarity of mind. [Xom's grace]
 10755 | D:1      | Gained mutation: You evolve. [Xom's grace]
 10755 | D:1      | Gained mutation: Your flesh is cold resistant. (rC+) [Xom's grace]
 11493 | D:1      | XOM is BORED!
 11493 | D:1      | XOM: mild Erth miscast
 11819 | D:1      | XOM: god gift: whip {god gift}
 12197 | D:1      | XOM: scenery: create altars
 12263 | D:1      | XOM: divination: detect items
 12925 | D:1      | XOM: scenery: create altars
 13226 | D:1      | XOM: give mutations
 13226 | D:1      | Gained mutation: You passively map a small area around you. [Xom's grace]
 13226 | D:1      | Gained mutation: You passively map the area around you. [Xom's grace]
 13226 | D:1      | Gained mutation: Your flesh is very cold resistant. (rC++) [Xom's grace]
 13290 | D:1      | XOM is BORED!
 13290 | D:1      | XOM: mild Summ miscast
 13436 | D:1      | XOM: divination: detect items
 13501 | D:1      | XOM: divination: detect creatures
 13878 | D:1      | XOM: give mutations
 13878 | D:1      | Gained mutation: Your flesh is very heat resistant. (rF++) [Xom's grace]
 13878 | D:1      | Gained mutation: You rapidly evolve. [Xom's grace]
 14023 | D:2      | XOM: blink monster(s)
 14024 | D:2      | Killed Robin the rat
 14029 | D:2      | Reached XP level 5. HP: 19/24 MP: 7/7
 14087 | D:1      | Noticed a troll
 14761 | D:1      | XOM: god gift: 2 lumpy purple potions {god gift}
 15617 | D:1      | XOM: god gift: 3 scrolls labeled YRAYGGOSEL {god gift}
 15853 | D:1      | XOM: divination: detect items
 16077 | D:1      | XOM: divination: magic mapping
 16296 | D:1      | Noticed a centaur warrior zombie
 16685 | D:2      | Found a basalt altar of Yredelemnul.
 17172 | D:2      | XOM: noise
 17562 | D:2      | Reached skill level 1 in Earth Magic
 17652 | D:2      | Gained mutation: You are partially covered in thin metallic scales. (AC +2) [evolution]
 17707 | D:2      | XOM: mild Summ miscast
 18296 | D:2      | XOM: medium Erth miscast
 18296 | D:2      | XOM: smoke on damage
 18437 | D:2      | XOM: noise
 18582 | D:2      | XOM: mild Fire miscast
 18670 | D:3      | XOM: harmless Necr miscast
 18894 | D:2      | XOM: harmless Conj miscast
 19919 | D:2      | XOM: mild Necr miscast
 20474 | D:2      | XOM: mild Conj miscast
 20501 | D:2      | XOM: scenery: create altars
 20587 | D:2      | XOM: god gift: wand of clouds (?/9) {god gift}
 20621 | D:2      | XOM: god gift: glowing scale mail {god gift}
 20849 | D:2      | XOM: god gift: wand of clouds (?/9) {god gift}
 20878 | D:2      | XOM: give mutation
 20878 | D:2      | Gained mutation: You are robust. (+10% HP) [Xom's grace]
 21177 | D:2      | Lost mutation: You rapidly evolve. [evolution]
 21177 | D:2      | Lost mutation: You evolve. [end of evolution]
 21258 | D:2      | XOM: scenery: create altars
 21352 | D:2      | Noticed a necrophage
 21357 | D:2      | Noticed an ice dragon
 21370 | D:2      | XOM: cast spell 'Call Canine Familiar'
 21372 | D:2      | Killed a necrophage
 21372 | D:2      | Gained mutation: You are covered in thick fur. (AC +2) [Felid growth]
 21372 | D:2      | Reached XP level 6. HP: 30/30 MP: 9/9
 21390 | D:2      | XOM: silly message
 21543 | D:3      | XOM: divination: detect creatures
 21619 | D:3      | XOM: harmless Summ miscast
 21655 | D:3      | XOM: silly message
 22254 | D:2      | XOM: noise
 22302 | D:2      | XOM: harmless Fire miscast
 22465 | D:2      | XOM: cloud trail
 22625 | D:2      | XOM: god gift: 11 arrows
 22766 | D:2      | XOM: cloud trail
 22949 | D:2      | XOM: harmless Fire miscast
 23253 | D:2      | XOM: mild Necr miscast
 23420 | D:2      | XOM: god gift: meat ration
 23491 | D:2      | XOM: divination: detect items
 23522 | D:3      | XOM: 1-stop teleportation journey
 23523 | D:3      | Noticed Ijyb
 23529 | D:3      | Killed Ijyb
 23529 | D:3      | Reached skill level 2 in Spellcasting
 23759 | D:3      | XOM: 1-stop teleportation journey
 24080 | D:3      | XOM is BORED!
 24080 | D:3      | XOM: give mutations
 24080 | D:3      | Lost mutation: You are partially covered in thin metallic scales. (AC +2) [Xom's mischief]
 24080 | D:3      | Lost mutation: Your spells are a little harder to cast, but a little more powerful. [Xom's mischief]
 24697 | D:2      | XOM: god gift: glowing pearl ring {god gift}
 24890 | D:3      | XOM: harmless Ice miscast
 25126 | D:2      | XOM: god gift: fan of gales
 25167 | D:2      | XOM: god gift: wand of lightning (?/15) {god gift}
 25671 | D:2      | XOM: summons 2 hostile demons
 26689 | D:2      | XOM: give mutation
 26689 | D:2      | Gained mutation: You have a somewhat thin skeletal structure. (Dex +2, Stealth) [Xom's grace]
 26978 | D:2      | XOM: give mutations
 26978 | D:2      | Lost mutation: You occasionally shout uncontrollably at your foes. [Xom's mischief]
 26978 | D:2      | Lost mutation: Your muscles are strong. (Str +2) [Xom's mischief]
 26978 | D:2      | Lost mutation: You are robust. (+10% HP) [Xom's mischief]
 26978 | D:2      | Gained mutation: Your spells are a little harder to cast, but a little more powerful. [Xom's mischief]
 26979 | D:2      | XOM: summons 1 hostile demon
 26980 | D:2      | Noticed a red devil
 26980 | D:2      | XOM: butterfly on damage
 27102 | D:3      | XOM: medium Necr miscast
 27103 | D:3      | Noticed a shadow
 27103 | D:3      | Noticed a shadow
 27848 | D:2      | XOM is BORED!
 27848 | D:2      | XOM: give mutations
 27848 | D:2      | Lost mutation: Your body sometimes deteriorates upon taking damage. [Xom's mischief]
 27848 | D:2      | Lost mutation: You possess an exceptional clarity of mind. [Xom's mischief]
 27848 | D:2      | Lost mutation: Your flesh is very cold resistant. (rC++) [Xom's mischief]
 27848 | D:2      | Lost mutation: Your flesh is very heat resistant. (rF++) [Xom's mischief]
 27988 | D:2      | XOM: divination: detect items
 28175 | D:2      | XOM: give mutations
 28175 | D:2      | Gained mutation: You possess an exceptional clarity of mind. [Xom's grace]
 28175 | D:2      | Gained mutation: You are agile. (Dex +2) [Xom's grace]
 28175 | D:2      | Gained mutation: Your mind is acute. (Int +2) [Xom's grace]
 28583 | D:2      | Noticed a wolf spider
 28589 | D:2      | Mangled by a wolf spider
 28590 | D:2      | Reached XP level 5. HP: -6/23 MP: 18/18
 28640 | D:3      | Found an ancient bone altar of Kikubaaqudgha.
 28663 | D:3      | Learned a level 1 spell: Confusing Touch
 28729 | D:3      | XOM: give mutations
 28729 | D:3      | Gained mutation: You are partially covered in slimy green scales. (AC +2) [Xom's grace]
 28729 | D:3      | Gained mutation: You are partially covered in icy blue scales. (AC +2) [Xom's grace]
 29074 | D:3      | XOM: cloud trail
 29444 | D:3      | XOM: god gift: hand crossbow {god gift}
 30945 | D:3      | Reached XP level 6. HP: 28/28 MP: 10/10
 31956 | D:3      | Noticed a sky beast
 32002 | D:3      | XOM: mild Divn miscast
 32012 | D:3      | Killed a sky beast
 32211 | D:3      | XOM: mild Air miscast
 32349 | D:3      | XOM: harmless Tmut miscast
 32763 | D:3      | XOM: 4-stop teleportation journey
 33606 | D:3      | XOM: harmless Ice miscast
 34165 | D:3      | XOM is BORED!
 34165 | D:3      | XOM: summons 3 hostile demons
 34582 | D:3      | XOM: summons 3 hostile demons
 34591 | D:4      | XOM: medium Ice miscast
 34735 | D:3      | XOM: severe Fire miscast
 34940 | D:3      | XOM: stat loss: -1 Int (14/15)
 35812 | D:3      | XOM: harmless Summ miscast
 36449 | D:3      | XOM: give mutations
 36449 | D:3      | Gained mutation: Your spells are harder to cast, but more powerful. [Xom's grace]
 36449 | D:3      | Gained mutation: Your muscles are strong. (Str +2) [Xom's grace]
 36633 | D:3      | XOM: give mutation
 36633 | D:3      | Lost mutation: You possess an exceptional clarity of mind. [Xom's mischief]
 37053 | D:3      | XOM is BORED!
 37053 | D:3      | XOM: give mutations
 37053 | D:3      | Lost mutation: You can translocate small distances at will. [Xom's mischief]
 37053 | D:3      | Lost mutation: You have a somewhat thin skeletal structure. (Dex +2, Stealth) [Xom's mischief]
 37053 | D:3      | Lost mutation: You have a pair of small horns on your head. [Xom's mischief]
 37138 | D:3      | XOM: mild Fire miscast
 37161 | D:4      | XOM: divination: magic mapping
 37575 | D:3      | XOM: give mutations
 37575 | D:3      | Gained mutation: You are somewhat resistant to further mutation. [Xom's grace]
 37575 | D:3      | Gained mutation: You possess an exceptional clarity of mind. [Xom's grace]
 37575 | D:3      | Gained mutation: Your spells are much harder to cast, but much more powerful. [Xom's grace]
 37575 | D:3      | Gained mutation: You are robust. (+10% HP) [Xom's grace]
 37760 | D:4      | XOM: confuse monster(s)
 37761 | D:4      | XOM: polymorph orc wizard -> gnoll
 37772 | D:4      | XOM: harmless Tloc miscast
 37784 | D:4      | XOM: divination: magic mapping
 38439 | D:3      | Noticed an alligator
 38490 | D:3      | XOM: give mutations
 38490 | D:3      | Gained mutation: You are partially covered in thin metallic scales. (AC +2) [Xom's grace]
 38490 | D:3      | Gained mutation: You are somewhat resistant to both further mutation and mutation removal. [Xom's grace]
 38490 | D:3      | Gained mutation: You have a pair of small horns on your head. [Xom's grace]
 38678 | D:3      | XOM: cloud trail
 38956 | D:3      | Noticed a troll
 39002 | D:3      | XOM: god gift: blowgun {god gift}
 39818 | D:3      | XOM: god gift: mace {god gift}
 40339 | D:3      | XOM: mild Tmut miscast
 40392 | D:3      | Reached skill level 1 in Hexes
 40838 | D:3      | XOM: give mutations
 40838 | D:3      | Gained mutation: You are very agile. (Dex +4) [Xom's grace]
 40838 | D:3      | Gained mutation: Your thick and shaggy fur keeps you warm. (AC +3, rC+) [Xom's grace]
 40838 | D:3      | Gained mutation: You are almost entirely resistant to further mutation and mutation removal. [Xom's grace]
 40845 | D:3      | XOM: god gift: dagger {god gift}
 40860 | D:3      | XOM: divination: detect creatures
 41093 | D:3      | XOM: scenery: create altars
 41215 | D:3      | XOM: cloud trail
 41228 | D:3      | XOM is BORED!
 41228 | D:3      | XOM: medium Air miscast
 41495 | D:4      | XOM: mild Air miscast
 41692 | D:3      | XOM: divination: detect creatures
 41992 | D:3      | XOM: divination: detect items
 42045 | D:3      | Noticed a water moccasin
 42054 | D:3      | Killed a water moccasin
 42054 | D:3      | Reached skill level 5 in Stealth
 42054 | D:3      | Reached XP level 7. HP: 34/34 MP: 12/12
 42669 | D:3      | Noticed a deep elf archer
 42696 | D:4      | Reached skill level 3 in Spellcasting
 42696 | D:4      | Reached skill level 1 in Evocations
 43214 | D:3      | Noticed an ogre mage
 43214 | D:3      | XOM: cast spell 'Disjunction'
 43214 | D:3      | XOM: butterfly on damage
 43430 | D:4      | XOM: scenery: 1 doors open, 2 doors close
 43506 | D:4      | XOM: enchant monster (good)
 43598 | D:4      | Found Namus's Antique Weapon Shoppe.
 43917 | D:5      | Entered Level 5 of the Dungeon
 43945 | D:5      | Found a glowing drain.
 43963 | Sewer    | Entered a sewer
 44018 | Sewer    | XOM: butterfly on damage
 44212 | Sewer    | Reached XP level 8. HP: 39/39 MP: 14/14
 44272 | Sewer    | XOM: divination: detect items
 44289 | Sewer    | XOM: polymorph worm -> water moccasin
 44291 | Sewer    | XOM: enchant monster (bad)
 44292 | Sewer    | XOM: give mutations
 44292 | Sewer    | Lost mutation: You are very agile. (Dex +4) [Xom's mischief]
 44292 | Sewer    | Lost mutation: You are almost entirely resistant to further mutation and mutation removal. [Xom's mischief]
 44292 | Sewer    | Lost mutation: You have a pair of small horns on your head. [Xom's mischief]
 44292 | Sewer    | Lost mutation: You are robust. (+10% HP) [Xom's mischief]
 44307 | Sewer    | XOM: blink monster(s)
 44335 | Sewer    | XOM: stat loss: -1 Str (12/13)
 44369 | Sewer    | XOM: summons 4 hostile shadow creatures
 44465 | Sewer    | XOM: medium Divn miscast
 44474 | Sewer    | XOM: enchant monster (bad)
 44482 | Sewer    | XOM: enchant monster (bad)
 45376 | D:4      | XOM: noise
 46121 | D:4      | XOM: mild Tmut miscast
 47293 | D:4      | XOM: harmless Hex miscast
 47443 | D:4      | XOM: harmless Erth miscast
 47454 | D:4      | XOM: harmless Ice miscast
 47816 | D:4      | XOM: give mutation
 47816 | D:4      | Lost mutation: You possess an exceptional clarity of mind. [Xom's mischief]
 48052 | D:4      | XOM: harmless Summ miscast
 49264 | D:4      | XOM: mild Chrm miscast
 49287 | D:4      | XOM: harmless Summ miscast
 49846 | D:4      | XOM is BORED!
 49846 | D:4      | XOM: harmless Necr miscast
 50558 | D:5      | Found a hazy altar of Hepliaklqana.
 50567 | D:5      | Found a staircase to the Ecumenical Temple.
 50600 | D:5      | XOM: silly message
 50642 | D:5      | XOM: harmless Tmut miscast
 51139 | D:4      | XOM: medium Fire miscast
 51774 | D:4      | XOM is BORED!
 51774 | D:4      | XOM: mild Summ miscast
 51893 | D:5      | XOM: harmless Chrm miscast
 51914 | D:5      | XOM: mild Necr miscast
 51940 | D:5      | Reached skill level 4 in Spellcasting
 51955 | D:5      | XOM: cast spell 'Cause Fear'
 51974 | D:4      | XOM: harmless Summ miscast
 52015 | D:4      | XOM: give mutations
 52015 | D:4      | Gained mutation: You are almost entirely resistant to further mutation and mutation removal. [Xom's grace]
 52015 | D:4      | Gained mutation: You are very agile. (Dex +4) [Xom's grace]
 52015 | D:4      | Gained mutation: You have a pair of small horns on your head. [Xom's grace]
 52519 | D:4      | XOM is BORED!
 52519 | D:4      | XOM: mild Air miscast
 52573 | D:4      | XOM: severe Air miscast
 52966 | D:4      | XOM: divination: magic mapping
 53062 | D:4      | Noticed a fire giant
 53062 | D:4      | Noticed a dire elephant
 53062 | D:4      | a fire giant changed into a dire elephant
 53081 | D:5      | Found a radiant altar of Vehumet.
 53146 | Temple   | Entered the Ecumenical Temple
 53215 | Temple   | XOM: god gift: runed arbalest {god gift}
 54077 | Temple   | XOM: give mutations
 54077 | Temple   | Gained mutation: Your flesh is very heat resistant. (rF++) [Xom's grace]
 54077 | Temple   | Gained mutation: Your flesh is very cold resistant. (rC++) [Xom's grace]
 54077 | Temple   | Lost mutation: You are almost entirely resistant to further mutation and mutation removal. [Xom's grace]
 54077 | Temple   | Lost mutation: You are somewhat resistant to both further mutation and mutation removal. [Xom's grace]
 54077 | Temple   | Lost mutation: You are somewhat resistant to further mutation. [Xom's grace]
 54077 | Temple   | Gained mutation: You evolve. [Xom's grace]
 54486 | Temple   | XOM: give mutation
 54486 | Temple   | Gained mutation: You are robust. (+10% HP) [Xom's grace]
 55264 | Temple   | Gained mutation: Your system is resistant to poisons. (rPois) [evolution]
 55275 | Temple   | XOM: give mutation
 55275 | Temple   | Gained mutation: Your flesh is almost immune to the effects of cold. (rC+++) [Xom's grace]
 55578 | Temple   | XOM is BORED!
 55578 | Temple   | XOM: mild Summ miscast
 55848 | Temple   | XOM: 4-stop teleportation journey
 56120 | Temple   | XOM: 1-stop teleportation journey
 56290 | Temple   | XOM: divination: magic mapping
 56729 | Temple   | XOM: god gift: 250 gold pieces
 57669 | Temple   | XOM is BORED!
 58503 | Temple   | XOM: scenery: create altars
 58910 | Temple   | XOM: give mutations
 58910 | Temple   | Gained mutation: Your muscles are very strong. (Str +4) [Xom's grace]
 58910 | Temple   | Gained mutation: You are resistant to hostile enchantments. (MR+) [Xom's grace]
 58910 | Temple   | Gained mutation: You are highly resistant to hostile enchantments. (MR++) [Xom's grace]
 58919 | Temple   | Learned a level 6 spell: Statue Form
 58921 | Temple   | Learned a level 1 spell: Animate Skeleton
 59625 | Temple   | XOM: medium Air miscast
 59655 | Temple   | XOM: noise
 59693 | Temple   | XOM: noise
 60103 | Temple   | XOM: cloud trail
 60306 | Temple   | XOM: mild Ice miscast
 60447 | Temple   | XOM: medium Necr miscast
 61016 | D:5      | Found a glowing silver altar of Zin.
 61070 | D:5      | Found a snail-covered altar of Cheibriados.
 61257 | D:5      | Found a stormy altar of Qazlal.
 61371 | D:5      | Noticed Aksej's ghost (novice OpAs)
 61383 | D:5      | Killed Aksej's ghost
 61383 | D:5      | Reached XP level 9. HP: 41/41 MP: 15/17
 61391 | D:5      | Found a deep blue altar of Sif Muna.
 61416 | D:5      | Learned a level 1 spell: Apportation
 61426 | D:5      | Identified Sif Muna's Grimoire of Contamination (You found it on level 5 of the Dungeon)
 61440 | D:5      | Learned a level 1 spell: Sting
 61611 | D:6      | XOM: divination: magic mapping
 61694 | D:6      | Noticed Prince Ribbit
 61701 | D:6      | Killed Prince Ribbit
 61701 | D:6      | Reached skill level 5 in Spellcasting
 61708 | D:6      | XOM: enchant monster (bad)
 61975 | D:6      | Found a white marble altar of Elyvilon.
 62043 | D:6      | XOM: divination: detect creatures
 62135 | D:5      | XOM is BORED!
 62135 | D:5      | XOM: draining
 62292 | D:5      | Lost mutation: You have a pair of small horns on your head. [evolution]
 62856 | D:5      | XOM: cloud trail
 63333 | D:5      | XOM: divination: magic mapping
 63355 | D:5      | XOM: destruction
 63575 | D:5      | XOM: give mutations
 63575 | D:5      | Lost mutation: Your spells are much harder to cast, but much more powerful. [Xom's mischief]
 63575 | D:5      | Lost mutation: Your flesh is almost immune to the effects of cold. (rC+++) [Xom's mischief]
 63833 | D:5      | XOM: god gift: 26 gold pieces
 63975 | D:5      | Cast into level 2 of the Abyss (Xom)
 63975 | D:5      | Escaped the Abyss
 63975 | D:5      | XOM: revert banishment
 64221 | D:5      | XOM: cloud trail
 64402 | D:5      | XOM: give mutations
 64402 | D:5      | Lost mutation: You evolve. [Xom's mischief]
 64402 | D:5      | Lost mutation: You are very agile. (Dex +4) [Xom's mischief]
 64402 | D:5      | Lost mutation: Your flesh is very cold resistant. (rC++) [Xom's mischief]
 65454 | D:5      | XOM is BORED!
 65454 | D:5      | XOM: polymorph adder -> howler monkey
 65595 | D:5      | XOM: noise
 65842 | D:5      | XOM: medium Chrm miscast
 66014 | D:5      | XOM: summons 1 hostile shadow creature
 66015 | D:5      | Noticed a glowing orange brain
 66403 | D:5      | XOM is BORED!
 66403 | D:5      | XOM: summons 4 hostile demons
 67028 | Temple   | XOM: 3-stop teleportation journey
 67147 | Temple   | XOM: noise
 67300 | Temple   | XOM: harmless Ice miscast
 67334 | Temple   | XOM: cloud trail
 67393 | Temple   | XOM: divination: detect creatures
 67586 | Temple   | XOM: god gift: vibrating wooden ring {god gift}
 67587 | Temple   | Got a vibrating wooden ring {god gift}
 67589 | Temple   | Identified the ring of Lealur {rElec rF+ Dex-3 Stlth+} (Xom gifted it to you in the Ecumenical Temple)
 67830 | Temple   | XOM: 1-stop teleportation journey
 68160 | Temple   | XOM: god gift: 17 stones
 68418 | Temple   | XOM: give mutations
 68418 | Temple   | Gained mutation: You evolve. [Xom's grace]
 68544 | Temple   | XOM: 8-stop teleportation journey
 69051 | Temple   | XOM: give mutations
 69051 | Temple   | Lost mutation: Your muscles are very strong. (Str +4) [Xom's mischief]
 69051 | Temple   | Lost mutation: You are agile. (Dex +2) [Xom's mischief]
 69051 | Temple   | Lost mutation: You are partially covered in thin metallic scales. (AC +2) [Xom's mischief]
 69563 | Temple   | XOM: god gift: wand of clouds (?/9) {god gift}
 69926 | Temple   | XOM: medium Pois miscast
 70106 | Temple   | XOM: draining
 70674 | Temple   | XOM: summons 3 hostile demons
 70710 | Temple   | XOM: summons 4 hostile demons
 70718 | D:5      | XOM: summons 4 hostile demons
 71014 | Temple   | XOM: harmless Conj miscast
 71198 | Temple   | Gained mutation: You are extremely resistant to the effects of hostile enchantments. (MR+++) [evolution]
 71336 | Temple   | XOM: torment (23/43 hp)
 71648 | Temple   | XOM: harmless Divn miscast
 71653 | Temple   | XOM: 8-stop teleportation journey
 72711 | Temple   | XOM is BORED!
 72711 | Temple   | XOM: 1-stop teleportation journey
 72956 | Temple   | XOM: divination: detect creatures
 73598 | Temple   | XOM: god gift: 19 arrows
 73666 | Temple   | XOM is BORED!
 75025 | Temple   | XOM: 5-stop teleportation journey
 75917 | Temple   | XOM: 2-stop teleportation journey
 75953 | Temple   | XOM: cloud trail
 76363 | Temple   | XOM: 4-stop teleportation journey
 76432 | Temple   | XOM: mild Necr miscast
 76867 | Temple   | XOM: mild Necr miscast
 76873 | Temple   | XOM: give mutations
 76873 | Temple   | Gained mutation: You are partially covered in yellow scales. (AC +2) [Xom's grace]
 76873 | Temple   | Gained mutation: Your mind is very acute. (Int +4) [Xom's grace]
 77026 | Temple   | XOM is BORED!
 77026 | Temple   | XOM: 4-stop teleportation journey
 77774 | Temple   | XOM: mild Divn miscast
 77912 | Temple   | XOM: cloud trail
 78638 | Temple   | XOM is BORED!
 78638 | Temple   | XOM: 7-stop teleportation journey
 79007 | Temple   | XOM: cloud trail
 79193 | Temple   | XOM: scenery: create altars
 79645 | Temple   | XOM: cloud trail
 79720 | Temple   | XOM is BORED!
 79720 | Temple   | XOM: noise
 79943 | Temple   | XOM: silly message
 80479 | Temple   | XOM: 4-stop teleportation journey
 80618 | Temple   | XOM: god gift: 42 gold pieces
 80936 | Temple   | XOM is BORED!
 81060 | Temple   | XOM: noise
 81746 | Temple   | XOM: cloud trail
 81779 | D:5      | Fell from the grace of Xom
 81779 | D:5      | Became a worshipper of Cheibriados the Contemplative
 82061 | D:7      | XOM: summons 4 hostile demons
 82062 | D:7      | Noticed a red devil
 82152 | D:7      | Noticed a manticore
 82158 | D:7      | Killed a manticore
 82158 | D:7      | Reached skill level 5 in Fighting
 82158 | D:7      | Reached XP level 10. HP: 17/48 MP: 18/18
 82448 | D:7      | Reached * piety under Cheibriados
 82578 | D:7      | XOM: summons 14 hostile demons
 82738 | D:7      | XOM: give mutation
 82738 | D:7      | Lost mutation: Your muscles are strong. (Str +2) [Xom's mischief]
 82775 | D:7      | XOM: summons 3 hostile demons
 82970 | D:7      | Reached skill level 5 in Earth Magic
 83025 | D:7      | Lost mutation: You evolve. [end of evolution]
 83120 | D:7      | Reached ** piety under Cheibriados
 83427 | D:7      | Found an iron altar of Okawaru.
 83544 | D:8      | Reached skill level 1 in Transmutations
 83772 | D:8      | Found a shadowy altar of Dithmenos.
 83910 | D:8      | Found a snail-covered altar of Cheibriados.
 83944 | D:8      | XOM: medium Fire miscast
 83971 | D:8      | Noticed a two-headed ogre
 83986 | D:8      | Killed a two-headed ogre
 83986 | D:8      | Reached skill level 10 in Stealth
 84066 | D:8      | Found a shimmering altar of Xom.
 84066 | D:8      | Found a shadowy altar of Dithmenos.
 84097 | D:8      | Noticed a two-headed ogre
 84126 | D:8      | Killed a two-headed ogre
 84126 | D:8      | Reached skill level 10 in Dodging
 84389 | D:9      | Reached *** piety under Cheibriados
 84443 | D:9      | Reached XP level 11. HP: 52/52 MP: 20/20
 85063 | D:10     | Entered Level 10 of the Dungeon
 85170 | D:10     | Found Teeck's Gadget Emporium.
 85217 | D:10     | XOM: noise
 85280 | D:10     | Reached **** piety under Cheibriados
 85312 | D:10     | Noticed Nergalle
 85323 | D:10     | Noticed a spectral orc warlord
 85332 | D:10     | Noticed a spectral orc warlord
 85334 | D:10     | Killed Nergalle
 85410 | D:10     | Noticed an eight-headed hydra
 85506 | D:10     | Reached skill level 5 in Transmutations
 85514 | D:10     | Reached skill level 6 in Spellcasting
 85514 | D:10     | Reached skill level 5 in Evocations
 85588 | D:10     | XOM: noise
 85695 | D:10     | Reached skill level 1 in Invocations
 85963 | D:10     | Found a staircase to the Lair.
 86297 | D:10     | XOM: mild Erth miscast
 86467 | D:11     | Reached ***** piety under Cheibriados
 86599 | D:11     | XOM: medium Tloc miscast
 86600 | D:11     | Cast into level 2 of the Abyss (the capriciousness of Xom)
 86670 | Abyss:2  | Found a radiant altar of Vehumet.
 86678 | Abyss:2  | Noticed a black draconian knight
 86705 | Abyss:2  | Noticed a sixfirhy
 86717 | Abyss:2  | Killed a sixfirhy
 86719 | Abyss:2  | HP: 1/52 [large abomination (30)]
 86723 | Abyss:2  | Noticed a starcursed mass
 86822 | Abyss:2  | XOM: medium Tmut miscast
 87111 | Abyss:2  | Noticed a starcursed mass
 87143 | Abyss:2  | Killed a starcursed mass
 87158 | Abyss:2  | Noticed a large abomination
 87177 | Abyss:2  | XOM: give mutations
 87177 | Abyss:2  | Lost mutation: Your mind is very acute. (Int +4) [Xom's mischief]
 87177 | Abyss:2  | Lost mutation: Your spells are harder to cast, but more powerful. [Xom's mischief]
 87383 | Abyss:2  | XOM: mild Air miscast
 87507 | Abyss:2  | XOM: mild Conj miscast
 87596 | D:11     | Escaped the Abyss
 87722 | D:11     | Noticed a two-headed ogre
 87725 | D:11     | Killed a two-headed ogre
 87725 | D:11     | Mutation became permanent: Your thick and shaggy fur keeps you warm. (AC +3, rC+) [Felid growth]
 87725 | D:11     | Reached XP level 12. HP: 56/56 MP: 22/22
 87771 | D:11     | Found Zare's General Store.
 87800 | D:11     | XOM: enchant monster (bad)
 88163 | D:11     | XOM: noise
 88330 | D:12     | Noticed a two-headed ogre
 88338 | D:12     | XOM: confuse monster(s)
 88341 | D:12     | Killed a two-headed ogre
 88474 | D:12     | Found a staircase to the Orcish Mines.
 88675 | D:12     | XOM: severe Tmut miscast
 88675 | D:12     | Gained mutation: You are clumsy. (Dex -2) [the severe capriciousness of Xom]
 88837 | D:12     | XOM: medium Fire miscast
 88940 | D:12     | XOM: scenery: 2 doors close
 89008 | D:12     | XOM: summons 4 hostile shadow creatures
 89276 | D:12     | XOM: medium Pois miscast
 89301 | D:12     | XOM: god gift: 37 gold pieces
 89337 | D:12     | Lost mutation: You are robust. (+10% HP) [mutagenic meat]
 89447 | D:12     | Reached ****** piety under Cheibriados
 89592 | D:11     | XOM: torment (18/51 hp)
 89607 | D:11     | XOM: give mutations
 89607 | D:11     | Lost mutation: You are extremely resistant to the effects of hostile enchantments. (MR+++) [Xom's mischief]
 89607 | D:11     | Lost mutation: Your spells are a little harder to cast, but a little more powerful. [Xom's mischief]
 89607 | D:11     | Lost mutation: You are highly resistant to hostile enchantments. (MR++) [Xom's mischief]
 89805 | D:12     | Reached skill level 5 in Invocations
 89984 | D:12     | XOM: medium Summ miscast
 89997 | D:12     | Noticed a two-headed ogre
 90010 | D:12     | Killed a two-headed ogre
 90034 | D:12     | Noticed a two-headed ogre
 90036 | D:12     | Killed a two-headed ogre
 90064 | D:12     | XOM: give mutations
 90064 | D:12     | Lost mutation: You are clumsy. (Dex -2) [Xom's mischief]
 90264 | D:13     | XOM: give mutations
 90264 | D:13     | Lost mutation: Your flesh is very heat resistant. (rF++) [Xom's mischief]
 90264 | D:13     | Lost mutation: You are partially covered in yellow scales. (AC +2) [Xom's mischief]
 90264 | D:13     | Gained mutation: Your spells are a little harder to cast, but a little more powerful. [Xom's mischief]
 90264 | D:13     | Was forgiven by Xom
 90301 | D:13     | Found a labyrinth entrance.
 90311 | Lab      | Entered a labyrinth
 90588 | Lab      | Noticed a minotaur
 90595 | Lab      | Killed a minotaur
 90716 | Lab      | Identified the Compendium of Snow and Shape Shifting
 90752 | D:13     | Learned a level 2 spell: Blink
 90756 | D:13     | Learned a level 3 spell: Mephitic Cloud
 90760 | D:13     | Learned a level 3 spell: Regeneration
 90766 | D:13     | Learned a level 5 spell: Lee's Rapid Deconstruction
 90829 | D:13     | Noticed a two-headed ogre
 90833 | D:13     | Killed a two-headed ogre
 90833 | D:13     | Reached XP level 13. HP: 55/55 MP: 13/24
 91025 | D:13     | Reached skill level 7 in Spellcasting
 91286 | D:13     | Found an opulent altar of Gozag.
 91720 | D:14     | Found a gate to the Vaults.
 91749 | D:14     | Lost mutation: You are resistant to hostile enchantments. (MR+) [mutagenic meat]
 91751 | D:14     | Gained mutation: You are resistant to hostile enchantments. (MR+) [mutagenic meat]
 91756 | D:14     | Gained mutation: You possess an exceptional clarity of mind. [mutagenic meat]
 91757 | D:14     | Lost mutation: Your spells are a little harder to cast, but a little more powerful. [mutagenic meat]
 91816 | D:14     | Found a white marble altar of Elyvilon.
 91987 | D:14     | Lost mutation: Your mind is acute. (Int +2) [mutagenic meat]
 91992 | D:14     | Gained mutation: Your magical capacity is low. (-10% MP) [mutagenic meat]
 92283 | D:14     | Reached skill level 10 in Transmutations
 92303 | D:14     | Gained mutation: You are frail. (-10% HP) [mutagenic meat]
 92305 | D:14     | Lost mutation: You are frail. (-10% HP) [mutagenic meat]
 92744 | Lair:1   | Entered Level 1 of the Lair of Beasts
 93007 | Lair:1   | Reached skill level 10 in Earth Magic
 93820 | Lair:2   | Reached skill level 8 in Spellcasting
 94060 | Lair:2   | Learned a level 4 spell: Animate Dead
 94193 | Lair:2   | Reached XP level 14. HP: 58/58 MP: 24/24
 94684 | Lair:3   | Reached skill level 10 in Unarmed Combat
 95375 | Lair:4   | Found a staircase to the Shoals.
 95562 | Lair:4   | Noticed Josephine
 95570 | Lair:4   | Killed Josephine
 96272 | Lair:4   | Found a staircase to the Snake Pit.
 96842 | Lair:5   | Found a viscous altar of Jiyva.
 96842 | Lair:5   | Found a staircase to the Slime Pits.
 97127 | Lair:5   | Got a slimy turquoise ring
 97132 | Lair:5   | Identified the ring of Disaster {rElec rPois rF- MR+ Dex+2} (You found it on level 5 of the Lair of Beasts)
 97648 | Lair:6   | Entered Level 6 of the Lair of Beasts
 98181 | Lair:6   | Reached skill level 9 in Spellcasting
 98181 | Lair:6   | Reached XP level 15. HP: 54/63 MP: 26/26
 98705 | Lair:2   | HP: 1/63 [porcupine's spines (12)]
 98869 | Orc:1    | Entered Level 1 of the Orcish Mines
 99309 | Orc:1    | Noticed Blork the orc
 99314 | Orc:1    | Killed Blork the orc
 99410 | Orc:2    | Entered Level 2 of the Orcish Mines
 99730 | Orc:2    | Reached skill level 1 in Charms
100089 | Orc:2    | Found a staircase to the Elven Halls.
100176 | Orc:2    | Reached skill level 1 in Necromancy
100190 | Orc:2    | Noticed an orc warlord
100204 | Orc:2    | Killed an orc warlord
100226 | Orc:2    | Found Siashrof's General Store.
100244 | Orc:2    | Found a roughly hewn altar of Beogh.
100305 | Orc:2    | Found Jadwinla's Gadget Boutique.
100548 | Orc:2    | Found a roughly hewn altar of Beogh.
100629 | Orc:2    | Found Gatit's Gadget Boutique.
100636 | Orc:2    | Bought a lightning rod (4/4) for 480 gold pieces
100636 | Orc:2    | Bought a box of beasts for 240 gold pieces
100636 | Orc:2    | Bought a phantom mirror for 360 gold pieces
100764 | Orc:2    | Found Lukli's Food Shop.
101178 | Snake:1  | Entered Level 1 of the Snake Pit
101263 | Snake:1  | Noticed Azrael
101273 | Snake:1  | Killed Azrael
101393 | Snake:1  | Reached XP level 16. HP: 69/69 MP: 13/27
101491 | Snake:1  | Gained mutation: You passively map a large area around you. [mutagenic meat]
102059 | Snake:1  | You fall through a shaft!
102059 | Snake:2  | Found Huligaoc's Assorted Antiques.
102059 | Snake:2  | Found Metiam's General Store.
102059 | Snake:2  | Found Berch's Armour Shoppe.
102059 | Snake:2  | Found Ewosobon's Book Shoppe.
102064 | Snake:2  | Reached skill level 5 in Charms
102072 | Snake:2  | Bought a book of Battle for 600 gold pieces
102072 | Snake:2  | Bought a book of Enchantments for 750 gold pieces
102075 | Snake:2  | Learned a level 2 spell: Song of Slaying
102078 | Snake:2  | Learned a level 2 spell: Shroud of Golubria
102098 | Snake:2  | Bought a potion of heal wounds for 70 gold pieces
102098 | Snake:2  | Bought a potion of might for 56 gold pieces
102146 | Snake:2  | Reached skill level 15 in Stealth
102161 | Snake:1  | Upgraded the game from 0.20-a0-788-g5cc1a67 to 0.20-a0-795-ga03948b
102517 | Snake:2  | Found Beemopag's Armour Emporium.
103442 | Snake:3  | Gained mutation: You are dopey. (Int -2) [mutagenic meat]
103443 | Snake:3  | Lost mutation: You possess an exceptional clarity of mind. [mutagenic meat]
103478 | Snake:3  | Lost mutation: You are resistant to hostile enchantments. (MR+) [potion of mutation]
103478 | Snake:3  | Lost mutation: You passively map a large area around you. [potion of mutation]
103478 | Snake:3  | Lost mutation: Your magical capacity is low. (-10% MP) [potion of mutation]
103478 | Snake:3  | Gained mutation: You occasionally shout uncontrollably at your foes. [potion of mutation]
103478 | Snake:3  | Gained mutation: You are surrounded by a mild repulsion field. (EV +2) [potion of mutation]
104187 | Snake:4  | Entered Level 4 of the Snake Pit
104194 | Snake:4  | Found Yfeid's General Store.
104214 | Snake:4  | Bought a scroll of blinking for 90 gold pieces
104232 | Snake:4  | Reached XP level 17. HP: 71/76 MP: 31/31
104360 | Snake:4  | Reached skill level 10 in Fighting
104587 | Snake:4  | Gained mutation: You tend to lose your temper in combat. [mutagenic meat]
104602 | Snake:4  | Gained mutation: You are weak. (Str -2) [mutagenic meat]
104603 | Snake:4  | Lost mutation: Your flesh is cold resistant. (rC+) [mutagenic meat]
104604 | Snake:4  | Lost mutation: Your system is resistant to poisons. (rPois) [mutagenic meat]
104605 | Snake:4  | Gained mutation: You evolve. [mutagenic meat]
104659 | Snake:4  | Got a serpentine rune of Zot
104738 | Snake:4  | Noticed lolicon's ghost (adept GrEE)
104752 | Snake:4  | Killed lolicon's ghost
105309 | Shoals:1 | Entered Level 1 of the Shoals
105389 | Shoals:1 | Noticed Roxanne
106082 | Shoals:2 | Found Qicocuh's Distillery.
106082 | Shoals:2 | Noticed Aizul
106091 | Shoals:2 | Killed Aizul
106105 | Shoals:2 | Slain by a merfolk
106106 | Shoals:2 | Reached XP level 16. HP: -5/76 MP: 18/30
106106 | Shoals:2 | Lost mutation: You passively map the area around you. [potion of mutation]
106106 | Shoals:2 | Lost mutation: You occasionally shout uncontrollably at your foes. [potion of mutation]
106106 | Shoals:2 | Lost mutation: You evolve. [potion of mutation]
106106 | Shoals:2 | Lost mutation: You are weak. (Str -2) [potion of mutation]
106106 | Shoals:2 | Lost mutation: Your flesh is heat resistant. (rF+) [potion of mutation]
106106 | Shoals:2 | Lost mutation: You are dopey. (Int -2) [potion of mutation]
106106 | Shoals:2 | Gained mutation: Your body sometimes deteriorates upon taking damage. [potion of mutation]
106106 | Shoals:2 | Gained mutation: Your spells are a little harder to cast, but a little more powerful. [potion of mutation]
106106 | Shoals:2 | Gained mutation: You have a pair of small antennae on your head. [potion of mutation]
106106 | Shoals:2 | Gained mutation: Your flesh is cold resistant. (rC+) [potion of mutation]
106129 | Shoals:2 | Reached skill level 15 in Dodging
106131 | Shoals:2 | Reached XP level 17. HP: 79/79 MP: 31/31
106133 | Shoals:2 | Noticed Polyphemus
106138 | Shoals:2 | Found Igharchi's Weapon Boutique.
106157 | Shoals:2 | Killed Polyphemus
106282 | Shoals:2 | Bought a potion of curing for 42 gold pieces
106282 | Shoals:2 | Bought a potion of invisibility for 112 gold pieces
106282 | Shoals:2 | Bought a potion of agility for 56 gold pieces
106282 | Shoals:2 | Bought 2 potions of might for 112 gold pieces
106282 | Shoals:2 | Bought a potion of might for 56 gold pieces
106375 | Shoals:2 | Found Enoob's Book Boutique.
106482 | Shoals:2 | Noticed Jorgrun
106485 | Shoals:2 | Killed Jorgrun
106580 | Shoals:2 | Found Wabitt's Antique Armour Shop.
107108 | Shoals:3 | Noticed a kraken
107119 | Shoals:3 | Killed a kraken
107146 | Shoals:3 | Noticed Donald
107154 | Shoals:3 | Killed Donald
107205 | Shoals:3 | Noticed Ilsuiw
107224 | Shoals:3 | Killed Ilsuiw
107358 | Shoals:3 | Noticed a kraken
107387 | Shoals:3 | Noticed a titan
107399 | Shoals:3 | Killed a titan
107460 | Shoals:3 | Killed a kraken
107900 | Shoals:4 | Entered Level 4 of the Shoals
107922 | Shoals:4 | Reached skill level 10 in Evocations
108083 | Shoals:4 | Reached XP level 18. HP: 87/87 MP: 25/32
108782 | Shoals:4 | Noticed Beneditct's ghost (adept SpEn)
108798 | Shoals:4 | Killed Beneditct's ghost
108824 | Shoals:4 | Got a barnacled rune of Zot
109240 | Elf:1    | Entered Level 1 of the Elven Halls
109264 | Elf:1    | Found a radiant altar of Vehumet.
110175 | Elf:2    | Found a runed gate.
110175 | Elf:2    | Found a runed gate.
110175 | Elf:2    | Found a runed gate.
110193 | Elf:2    | Lost mutation: You passively map a small area around you. [mutagenic meat]
110594 | Elf:3    | Entered Level 3 of the Elven Halls
110605 | Elf:3    | Reached skill level 1 in Air Magic
110888 | Elf:3    | Lost mutation: Your spells are a little harder to cast, but a little more powerful. [mutagenic meat]
111302 | Elf:3    | Reached XP level 19. HP: 91/91 MP: 33/33
111404 | Elf:3    | Reached skill level 10 in Spellcasting
111594 | Elf:3    | Got a twitching brass ring
111603 | Elf:3    | Got a coiled golden ring
111604 | Elf:3    | Identified the ring "Jorungewi" {rCorr +Inv Str+2 Int+5 Stlth+} (You took it off a deep elf annihilator on level 3 of the Elven Halls)
111605 | Elf:3    | Identified the cursed ring of Levity {rN+ Str-3 Int+5} (You took it off a deep elf high priest on level 3 of the Elven Halls)
111691 | Elf:3    | Identified the Handbook of Confrontation
111696 | Elf:3    | Identified the Disquisition on Poisonous Displacement
111719 | Elf:3    | Learned a level 6 spell: Deflect Missiles
112338 | Elf:3    | Reached skill level 1 in Fire Magic
112731 | Slime:1  | Entered Level 1 of the Pits of Slime
112844 | Slime:2  | Slain by an acid blob
112845 | Slime:2  | Reached XP level 18. HP: -4/114 MP: 21/33
113060 | Slime:3  | Found a viscous altar of Jiyva.
113072 | Slime:4  | Gained mutation: Your spells are a little easier to cast, but a little less powerful. [a shining eye]
113082 | Slime:4  | Gained mutation: Potions are less effective at restoring your health. [a shining eye]
113202 | Slime:5  | Entered Level 5 of the Pits of Slime
113214 | Slime:5  | Reached XP level 19. HP: 76/92 MP: 30/34
113280 | Slime:5  | Reached skill level 15 in Fighting
113284 | Slime:5  | Reached skill level 5 in Fire Magic
113309 | Slime:5  | Found a viscous altar of Jiyva.
113309 | Slime:5  | Noticed the Royal Jelly
113315 | Slime:5  | Killed the Royal Jelly
113315 | Slime:5  | Reached skill level 15 in Unarmed Combat
113341 | Slime:5  | Got a slimy rune of Zot
113504 | Slime:5  | Lost mutation: Your body sometimes deteriorates upon taking damage. [potion of mutation]
113504 | Slime:5  | Lost mutation: Your spells are a little easier to cast, but a little less powerful. [potion of mutation]
113504 | Slime:5  | Lost mutation: You tend to lose your temper in combat. [potion of mutation]
113504 | Slime:5  | Lost mutation: You are surrounded by a mild repulsion field. (EV +2) [potion of mutation]
113504 | Slime:5  | Gained mutation: You are resistant to hostile enchantments. (MR+) [potion of mutation]
113504 | Slime:5  | Gained mutation: You have a somewhat thin skeletal structure. (Dex +2, Stealth) [potion of mutation]
113505 | Slime:5  | Lost mutation: You are resistant to hostile enchantments. (MR+) [potion of mutation]
113505 | Slime:5  | Lost mutation: You are partially covered in slimy green scales. (AC +2) [potion of mutation]
113505 | Slime:5  | Lost mutation: Your flesh is cold resistant. (rC+) [potion of mutation]
113505 | Slime:5  | Lost mutation: You have a pair of small antennae on your head. [potion of mutation]
113505 | Slime:5  | Gained mutation: You are clumsy. (Dex -2) [potion of mutation]
113505 | Slime:5  | Gained mutation: Your magical capacity is low. (-10% MP) [potion of mutation]
113878 | Slime:5  | Paralysed by a floating eye for 2 turns
113920 | Slime:5  | Reached skill level 5 in Air Magic
113934 | Slime:4  | Gained mutation: You are dopey. (Int -2) [a shining eye]
114290 | D:15     | Entered Level 15 of the Dungeon
114306 | D:15     | Noticed Kirke
114336 | D:15     | Killed Kirke
114599 | D:15     | Gained mutation: Potions are poor at restoring your health. [mutagenic meat]
115037 | D:15     | Gained mutation: You evolve. [mutagenic meat]
115038 | D:15     | Gained mutation: You have a pair of small horns on your head. [mutagenic meat]
115040 | D:15     | Gained mutation: You are partially covered in rugged brown scales. (AC +1, +3% HP) [mutagenic meat]
115049 | D:15     | Lost mutation: Your magical capacity is low. (-10% MP) [mutagenic meat]
115050 | D:15     | Lost mutation: You are clumsy. (Dex -2) [mutagenic meat]
115051 | D:15     | Lost mutation: You have a pair of small horns on your head. [mutagenic meat]
115052 | D:15     | Lost mutation: You are dopey. (Int -2) [mutagenic meat]
115077 | D:15     | Found a staircase to the Depths.
115252 | Depths:1 | Entered Level 1 of the Depths
115298 | Depths:1 | Found Touth's Quality Used Wands.
115318 | Depths:1 | Gained mutation: Your body sometimes deteriorates upon taking damage. [mutagenic meat]
115347 | Depths:1 | Found Ydeshri's Food Boutique.
115349 | Depths:1 | Found Emerhen's Antique Armour Shop.
115351 | Depths:1 | Found Doenywod's Food Boutique.
115416 | Depths:1 | Found a gateway to Hell.
115461 | Depths:1 | Found a one-way gate to the infinite horrors of the Abyss.
115525 | Depths:1 | Reached XP level 20. HP: 99/99 MP: 25/35
115532 | Depths:1 | Reached skill level 11 in Spellcasting
115547 | Depths:1 | Gained mutation: You have a pair of small antennae on your head. [evolution]
115581 | Depths:1 | Gained mutation: Your body often deteriorates upon taking damage. [mutagenic meat]
115583 | Depths:1 | Lost mutation: Potions are poor at restoring your health. [mutagenic meat]
115590 | Depths:1 | Gained mutation: You occasionally shout uncontrollably at your foes. [mutagenic meat]
115592 | Depths:1 | Gained mutation: You sometimes yell uncontrollably at your foes. [mutagenic meat]
115593 | Depths:1 | Lost mutation: You sometimes yell uncontrollably at your foes. [mutagenic meat]
115741 | Depths:1 | Lost mutation: You are partially covered in rugged brown scales. (AC +1, +3% HP) [potion of mutation]
115741 | Depths:1 | Lost mutation: You have a somewhat thin skeletal structure. (Dex +2, Stealth) [potion of mutation]
115741 | Depths:1 | Gained mutation: You are resistant to hostile enchantments. (MR+) [potion of mutation]
115741 | Depths:1 | Gained mutation: You have a pair of antennae on your head. [potion of mutation]
115896 | Depths:1 | Found a glowing golden altar of the Shining One.
116090 | Hell     | Entered the Vestibule of Hell
116090 | Hell     | Noticed Geryon
116159 | Depths:1 | Reached skill level 15 in Evocations
116521 | Depths:2 | Lost mutation: You occasionally shout uncontrollably at your foes. [potion of mutation]
116521 | Depths:2 | Lost mutation: Your body often deteriorates upon taking damage. [potion of mutation]
116521 | Depths:2 | Lost mutation: You are resistant to hostile enchantments. (MR+) [potion of mutation]
116521 | Depths:2 | Lost mutation: You are partially covered in icy blue scales. (AC +2) [potion of mutation]
116521 | Depths:2 | Gained mutation: You are clumsy. (Dex -2) [potion of mutation]
116521 | Depths:2 | Gained mutation: You possess an exceptional clarity of mind. [potion of mutation]
116521 | Depths:2 | Gained mutation: Your system is resistant to poisons. (rPois) [potion of mutation]
116634 | Depths:2 | Reached skill level 10 in Fire Magic
116650 | Depths:2 | Gained mutation: Your spells are a little easier to cast, but a little less powerful. [mutagenic meat]
116651 | Depths:2 | Gained mutation: You are surrounded by a mild repulsion field. (EV +2) [mutagenic meat]
116652 | Depths:2 | Gained mutation: You are frail. (-10% HP) [mutagenic meat]
116653 | Depths:2 | Gained mutation: You are resistant to hostile enchantments. (MR+) [mutagenic meat]
116734 | Depths:2 | Reached skill level 10 in Charms
116741 | Depths:2 | Lost mutation: You are resistant to hostile enchantments. (MR+) [mutagenic meat]
116743 | Depths:2 | Lost mutation: You are clumsy. (Dex -2) [mutagenic meat]
116759 | Depths:2 | Lost mutation: You evolve. [potion of mutation]
116759 | Depths:2 | Lost mutation: You are frail. (-10% HP) [potion of mutation]
116759 | Depths:2 | Gained mutation: You occasionally shout uncontrollably at your foes. [potion of mutation]
116759 | Depths:2 | Gained mutation: Your muscles are strong. (Str +2) [potion of mutation]
116759 | Depths:2 | Lost mutation: Your spells are a little easier to cast, but a little less powerful. [potion of mutation]
116759 | Depths:2 | Gained mutation: You have a pair of large antennae on your head. (SInv) [potion of mutation]
117294 | Depths:3 | Noticed a caustic shrike
117300 | Depths:3 | Killed a caustic shrike
117342 | Depths:3 | Noticed an ancient lich
117344 | Depths:3 | Killed an ancient lich
117344 | Depths:3 | Reached XP level 21. HP: 96/100 MP: 11/37
117372 | Depths:3 | Lost mutation: You are surrounded by a mild repulsion field. (EV +2) [mutagenic meat]
117374 | Depths:3 | Gained mutation: Your flesh is heat resistant. (rF+) [mutagenic meat]
117375 | Depths:3 | Lost mutation: Your body sometimes deteriorates upon taking damage. [mutagenic meat]
117403 | Depths:3 | Found a one-way gate leading to the halls of Pandemonium.
117420 | Depths:3 | Noticed the Enchantress
117424 | Depths:3 | Killed the Enchantress
117534 | Depths:3 | Noticed a golden dragon
117555 | Depths:3 | HP: 5/130 [ice dragon/blast of cold (18)]
117556 | Depths:3 | HP: 1/130 [ice dragon (2)]
117557 | Depths:3 | Slain by a golden dragon
117558 | Depths:3 | Reached XP level 20. HP: -4/126 MP: 15/36
117568 | Depths:3 | Killed a golden dragon
117655 | Depths:3 | Lost mutation: Your muscles are strong. (Str +2) [mutagenic meat]
117656 | Depths:3 | Gained mutation: Your muscles are strong. (Str +2) [mutagenic meat]
117657 | Depths:3 | Gained mutation: You are partially covered in molten scales. (AC +2) [mutagenic meat]
117658 | Depths:3 | Lost mutation: You possess an exceptional clarity of mind. [mutagenic meat]
117659 | Depths:3 | Gained mutation: You are resistant to hostile enchantments. (MR+) [mutagenic meat]
117660 | Depths:3 | Gained mutation: You are agile. (Dex +2) [mutagenic meat]
117706 | Depths:3 | Noticed a golden dragon
117717 | Depths:3 | Reached skill level 12 in Spellcasting
117718 | Depths:3 | Killed a golden dragon
117849 | Depths:3 | Noticed a golden dragon
118005 | Depths:3 | Noticed a caustic shrike
118011 | Depths:3 | Killed a caustic shrike
118040 | Depths:3 | Gained mutation: Your muscles are very strong. (Str +4) [mutagenic meat]
118246 | Depths:3 | Lost mutation: Your flesh is heat resistant. (rF+) [mutagenic meat]
118247 | Depths:3 | Gained mutation: You can translocate small distances at will. [mutagenic meat]
118248 | Depths:3 | Lost mutation: You are agile. (Dex +2) [mutagenic meat]
118523 | Depths:3 | Killed a golden dragon
118605 | Depths:1 | Reached XP level 21. HP: 93/100 MP: 38/38
118847 | Vaults:1 | Entered Level 1 of the Vaults
118990 | Vaults:1 | Got a pitted pewter ring
118992 | Vaults:1 | Identified the ring "Lozo" {rCorr MP+9 Int+5} (You found it on level 1 of the Vaults)
119053 | Vaults:1 | Learned a level 3 spell: Inner Flame
119400 | Vaults:1 | Found Huries's Weapon Shop.
119405 | Vaults:1 | Reached skill level 1 in Translocations
119582 | Vaults:1 | Lost mutation: You can translocate small distances at will. [mutagenic meat]
119784 | Vaults:1 | Reached skill level 5 in Translocations
120369 | Vaults:2 | Lost mutation: You are resistant to hostile enchantments. (MR+) [mutagenic meat]
120766 | Vaults:2 | Reached skill level 10 in Translocations
121056 | Vaults:2 | Reached XP level 22. HP: 105/105 MP: 35/39
121064 | Vaults:2 | Gained mutation: You can translocate small distances at will. [mutagenic meat]
121065 | Vaults:2 | Lost mutation: Your system is resistant to poisons. (rPois) [mutagenic meat]
121307 | Vaults:2 | Gained mutation: You have a somewhat thin skeletal structure. (Dex +2, Stealth) [mutagenic meat]
121969 | Vaults:3 | Noticed Saint Roka
121978 | Vaults:3 | Killed Saint Roka
121985 | Vaults:3 | Lost mutation: Your muscles are very strong. (Str +4) [mutagenic meat]
121995 | Vaults:3 | Lost mutation: You have a somewhat thin skeletal structure. (Dex +2, Stealth) [mutagenic meat]
121996 | Vaults:3 | Gained mutation: Your body sometimes deteriorates upon taking damage. [mutagenic meat]
121997 | Vaults:3 | Lost mutation: Your muscles are strong. (Str +2) [mutagenic meat]
121998 | Vaults:3 | Gained mutation: You are somewhat resistant to further mutation. [mutagenic meat]
122523 | D:11     | Bought a potion of mutation for 120 gold pieces
122523 | D:11     | Bought a potion of magic for 120 gold pieces
122523 | D:11     | Lost mutation: You occasionally shout uncontrollably at your foes. [potion of mutation]
122523 | D:11     | Lost mutation: You have a pair of large antennae on your head. (SInv) [potion of mutation]
122523 | D:11     | Gained mutation: Your spells are a little harder to cast, but a little more powerful. [potion of mutation]
122819 | Vaults:3 | Found a staircase to the Crypt.
122819 | Vaults:3 | Found an ancient bone altar of Kikubaaqudgha.
122820 | Vaults:3 | Found a basalt altar of Yredelemnul.
123101 | Vaults:3 | Lost mutation: You can translocate small distances at will. [mutagenic meat]
123160 | Vaults:3 | Gained mutation: You are clumsy. (Dex -2) [mutagenic meat]
123282 | Crypt:1  | Entered Level 1 of the Crypt
123352 | Crypt:1  | Learned a level 5 spell: Summon Forest
123431 | Crypt:1  | Reached skill level 1 in Summonings
123439 | Crypt:1  | Noticed Boris
123444 | Crypt:1  | Killed Boris
123874 | Crypt:2  | Noticed Khufu
123874 | Crypt:2  | Noticed a greater mummy
123875 | Crypt:2  | Noticed a greater mummy
123880 | Crypt:2  | Killed Khufu
123954 | Crypt:2  | Killed a greater mummy
123981 | Crypt:2  | Killed a greater mummy
123981 | Crypt:2  | Reached skill level 15 in Translocations
124159 | Crypt:2  | Reached skill level 5 in Summonings
124201 | Crypt:2  | Got a warped turquoise ring
124202 | Crypt:2  | Identified the ring of the Solstice {+Blink MR+ Stlth+} (You found it on level 2 of the Crypt)
124386 | Crypt:2  | Reached XP level 23. HP: 108/108 MP: 40/40
124579 | Crypt:3  | Entered Level 3 of the Crypt
124968 | Crypt:3  | Found a basalt altar of Yredelemnul.
125175 | Crypt:3  | Noticed an ancient lich
125184 | Crypt:3  | Killed an ancient lich
125247 | Crypt:3  | Got a shimmering ivory ring
125249 | Crypt:3  | Identified the ring of Peorroma {rPois rN+} (You found it on level 3 of the Crypt)
125254 | Crypt:3  | Got a glittering silver ring
125255 | Crypt:3  | Identified the ring "Iriruisa" {*Contam rF- rN+ Str+7 Dex+8} (You found it on level 3 of the Crypt)
125681 | Crypt:3  | Found a staircase to the Tomb.
126029 | Vaults:4 | Gained mutation: You are dopey. (Int -2) [mutagenic meat]
126368 | Vaults:4 | Lost mutation: You are clumsy. (Dex -2) [mutagenic meat]
126524 | Vaults:4 | Reached skill level 13 in Spellcasting
126849 | Vaults:4 | Reached XP level 24. HP: 112/112 MP: 41/41
127070 | Vaults:5 | Entered Level 5 of the Vaults
127407 | Vaults:5 | Reached skill level 14 in Spellcasting
127425 | Vaults:5 | Reached skill level 10 in Summonings
127487 | Vaults:5 | Gained mutation: You passively map a small area around you. [mutagenic meat]
127618 | Vaults:5 | Found Xuyn's Armour Shoppe.
127691 | Vaults:5 | Gained mutation: Your body often deteriorates upon taking damage. [mutagenic meat]
127765 | Vaults:5 | Reached skill level 15 in Spellcasting
127810 | Vaults:5 | Reached XP level 25. HP: 28/116 MP: 37/43
127945 | Vaults:5 | Identified the Collected Works on Congealing Transformation
128155 | Vaults:5 | Lost mutation: Your body often deteriorates upon taking damage. [potion of mutation]
128155 | Vaults:5 | Lost mutation: Your spells are a little harder to cast, but a little more powerful. [potion of mutation]
128155 | Vaults:5 | Lost mutation: You are dopey. (Int -2) [potion of mutation]
128155 | Vaults:5 | Lost mutation: Your body sometimes deteriorates upon taking damage. [potion of mutation]
128155 | Vaults:5 | Gained mutation: Your magical capacity is low. (-10% MP) [potion of mutation]
128155 | Vaults:5 | Gained mutation: You are agile. (Dex +2) [potion of mutation]
128228 | Vaults:5 | Got a wavering golden amulet
128348 | Vaults:5 | Got a silver rune of Zot
128398 | Vaults:5 | Identified the amulet of Vashil {RegenMP -Tele rElec rF+ rN+ Str+4} (You took it off a deep elf mage on level 5 of the Vaults)
129161 | Lair:2   | Learned a level 4 spell: Control Undead
129277 | Shoals:2 | Bought Lom Lobon's Guide on the Traveller for 3199 gold pieces
129660 | Depths:1 | Reached skill level 5 in Necromancy
129673 | Depths:1 | Gained mutation: You are frail. (-10% HP) [mutagenic meat]
129743 | Hell     | Killed Geryon
129743 | Hell     | Reached skill level 16 in Spellcasting
130096 | Hell     | Learned a level 7 spell: Malign Gateway
130127 | Hell     | Found a gateway to the decaying netherworld of Tartarus.
130200 | Tar:1    | Entered Level 1 of Tartarus
130682 | Tar:5    | Gained mutation: You are weak. (Str -2) [mutagenic glow]
130700 | Tar:5    | Reached skill level 10 in Necromancy
131020 | Tar:6    | Reached XP level 26. HP: 51/108 MP: 39/40
131080 | Tar:7    | Entered Level 7 of Tartarus
131250 | Tar:7    | HP: 4/140 [reaper/scythe of slicing (25)]
131250 | Tar:7    | Slain by a reaper
131251 | Tar:7    | Reached XP level 25. HP: -2/135 MP: 30/40
131515 | Tar:7    | Reached skill level 15 in Necromancy
131541 | Tar:7    | Noticed an ancient lich
131549 | Tar:7    | Lost mutation: You have a pair of antennae on your head. [the power of Zot]
131552 | Tar:7    | Killed an ancient lich
131606 | Tar:7    | Noticed Ereshkigal
131626 | Tar:7    | Killed Ereshkigal
131672 | Tar:7    | Got a bone rune of Zot
132015 | Tar:7    | Reached XP level 26. HP: 79/108 MP: 40/40
132629 | Tar:7    | Got a steaming platinum amulet
132630 | Tar:7    | Identified the amulet "Olokkumn" {Harm *Drain rC+ Int+5 Dex+4} (You found it on level 7 of Tartarus)
132644 | Tar:7    | Reached skill level 17 in Spellcasting
133241 | Hell     | Found a gateway to the Iron City of Dis.
133302 | Hell     | Found a gateway to the ashen valley of Gehenna.
133378 | Dis:1    | Entered Level 1 of the Iron City of Dis
133482 | Dis:1    | Reached skill level 18 in Spellcasting
133954 | Dis:1    | Gained mutation: Potions are poor at restoring your health. [mutagenic glow]
133979 | Dis:1    | Gained mutation: Your magical capacity is very low. (-20% MP) [mutagenic glow]
133996 | Dis:1    | Gained mutation: You are dopey. (Int -2) [mutagenic glow]
134083 | Dis:1    | Reached XP level 27. HP: 113/113 MP: 37/37
134205 | Dis:1    | Reached skill level 19 in Spellcasting
134979 | Dis:2    | Reached skill level 20 in Spellcasting
135150 | Dis:2    | Killed from afar by an ancient champion
135151 | Dis:2    | Reached XP level 26. HP: -5/140 MP: 29/38
135709 | Dis:7    | Entered Level 7 of the Iron City of Dis
136146 | Dis:7    | Reached XP level 27. HP: 52/122 MP: 4/38
136402 | Dis:7    | Noticed Dispater
136421 | Dis:7    | Killed from afar by a Hell Sentinel
136422 | Dis:7    | Reached XP level 26. HP: -2/156 MP: 22/38
136660 | Dis:7    | Killed Dispater
136675 | Dis:7    | Got an iron rune of Zot
137568 | Slime:5  | Learned a level 7 spell: Haunt
137989 | Depths:4 | Gained mutation: You passively map the area around you. [mutagenic meat]
138098 | Depths:4 | Found a magical portal.
138103 | WizLab   | Entered Wucad Mu's Monastery
138429 | WizLab   | Reached XP level 27. HP: 112/126 MP: 38/38
138676 | Depths:4 | Reached skill level 5 in Conjurations
138762 | Depths:4 | Found Bophan's Weapon Boutique.
139324 | Depths:5 | Entered Level 5 of the Depths
139324 | Depths:5 | Noticed Mennas
139336 | Depths:5 | Killed Mennas
139367 | Depths:5 | Found Fusugg's Pet Rocks.
139621 | Depths:5 | Found a gateway to a ziggurat.
139815 | Depths:5 | Found a gate to the Realm of Zot.
140007 | Zot:1    | Entered Level 1 of the Realm of Zot
140031 | Zot:1    | Reached skill level 21 in Spellcasting
140886 | Zot:2    | Reached skill level 10 in Air Magic
141254 | Zot:3    | Noticed an orb of fire
141262 | Zot:3    | Killed an orb of fire
141447 | Zot:3    | Lost mutation: You are dopey. (Int -2) [potion of mutation]
141447 | Zot:3    | Lost mutation: You are agile. (Dex +2) [potion of mutation]
142721 | Zot:5    | Entered Level 5 of the Realm of Zot
142897 | Zot:5    | Noticed an ancient lich
142908 | Zot:5    | Killed an ancient lich
142918 | Zot:5    | Noticed an ancient lich
142920 | Zot:5    | Killed an ancient lich
142920 | Zot:5    | Reached skill level 22 in Spellcasting
143037 | Zot:5    | Noticed an ancient lich
143041 | Zot:5    | Noticed an orb of fire
143045 | Zot:5    | Killed an orb of fire
143047 | Zot:5    | Killed an ancient lich
143051 | Zot:5    | Noticed an orb of fire
143054 | Zot:5    | Noticed an orb of fire
143061 | Zot:5    | Killed an orb of fire
143067 | Zot:5    | Killed an orb of fire
143076 | Zot:5    | Noticed an ancient lich
143078 | Zot:5    | Killed an ancient lich
143079 | Zot:5    | Killed an ancient lich
143205 | Zot:5    | Noticed an ancient lich
143210 | Zot:5    | Noticed an orb of fire
143212 | Zot:5    | Noticed an orb of fire
143212 | Zot:5    | HP: 8/163 [disintegration (94)]
143213 | Zot:5    | Gained mutation: You expend magic power (3 MP) to strengthen your wands. [an orb of fire]
143213 | Zot:5    | Killed from afar by an orb of fire
143216 | Zot:5    | Noticed an ancient lich
143220 | Zot:5    | Killed an ancient lich
143433 | Zot:3    | Noticed an orb of fire
143443 | Zot:3    | Gained mutation: You are clumsy. (Dex -2) [an orb of fire]
143444 | Zot:3    | Killed an orb of fire
143496 | Zot:3    | Lost mutation: Your magical capacity is very low. (-20% MP) [mutagenic meat]
143650 | Depths:4 | Learned a level 8 spell: Infestation
143780 | Geh:1    | Entered Level 1 of Gehenna
143931 | Geh:1    | Reached skill level 15 in Air Magic
144050 | Geh:2    | Killed from afar by a hellion
144598 | Geh:4    | Reached skill level 23 in Spellcasting
144890 | Geh:5    | You fall through a shaft!
144895 | Geh:7    | Entered Level 7 of Gehenna
145267 | Geh:7    | Noticed Asmodeus
145280 | Geh:7    | Killed Asmodeus
145317 | Geh:7    | Got an obsidian rune of Zot
145435 | Geh:7    | Reached skill level 24 in Spellcasting
145922 | Depths:4 | Learned a level 9 spell: Tornado
146040 | Depths:4 | Voluntarily entered the Abyss.
146268 | Abyss:4  | Found a roughly hewn altar of Beogh.
146526 | Abyss:4  | Lost mutation: You are weak. (Str -2) [mutagenic meat]
146588 | Abyss:4  | Paralysed by accursed screaming for 2 turns
146616 | Abyss:4  | Got an abyssal rune of Zot
146802 | Abyss:4  | Paralysed by accursed screaming for 1 turns
147113 | Abyss:4  | Lost mutation: You are clumsy. (Dex -2) [mutagenic meat]
147114 | Abyss:4  | Gained mutation: You passively map a large area around you. [mutagenic meat]
147273 | Depths:4 | Escaped the Abyss
147292 | Pan      | Entered Pandemonium
147680 | Pan      | Found an exit through the horrors of the Abyss.
147890 | Pan      | Noticed Voyjy the pandemonium lord
147911 | Pan      | Killed Voyjy the pandemonium lord
147923 | Pan      | Found an exit through the horrors of the Abyss.
147952 | Pan      | Noticed Kutwas the pandemonium lord
147961 | Pan      | Killed Kutwas the pandemonium lord
147965 | Pan      | Gained mutation: Your magical capacity is very low. (-20% MP) [a neqoxec]
148144 | Pan      | Found an exit through the horrors of the Abyss.
148319 | Pan      | HP: 3/163 [smoke demon/divine providence (15)]
148319 | Pan      | Killed from afar by a soul eater

Vault maps used:
D:1:      dpeg_arrival_leaves_temple_mockup, serial_forest,
          infiniplex_forest_clump_diagonal, infiniplex_forest_clump_curved,
          infiniplex_forest_clump_C, infiniplex_forest_clump_long,
          infiniplex_forest_zigzag_1, infiniplex_forest_clump_small,
          infiniplex_forest_fountain, infiniplex_forest_lined_room_2,
          infiniplex_forest_lined_3_way, feat_on_display
D:2:      grunt_temple_overflow_holy_war, kennysheep_generic_room_11, uniq_robin
D:3:      kiku_gazebo_pond_becter, uniq_iyjb
D:4:      first_bread, serial_shops, shop_fountains
D:5:      overflow_temple_1_default, marbit_many_paths, lemuel_round_altar,
          vehumet_altar_wand_db, led_sif_book, kennysheep_little_box,
          minmay_temple_entry_statues_fountains, portal_sewer_entry_f
D:6:      elyvilon_altar_5, uniq_prince_ribbit1
D:7:      kennysheep_okawaru_gauntlet
D:8:      gammafunk_temple_overflow_wave, basic_altar, grunt_livestock,
          grunt_dithmenos_smoke_and_mirrors
D:10:     erik_lair_dragon, serial_shops, shop_coins,
          corexii_hall_statues_deadend, uniq_nergalle
D:11:     serial_shops, shop_statue
D:12:     david_orc_2
D:13:     lab_entry_generic, minmay_misc_feat_square,
          nicolae_gozag_cash_rules_everything_around_me
D:14:     david_vaults_1, basic_altar, infiniplex_staircase_pool_2
D:15:     gammafunk_enter_depths_forms, minivault_14, grunt_decor_cap,
          minmay_statues_item, uniq_kirke
Temple:   chequers_temple_sunken
Lair:1:   grunt_megastairs_2
Lair:2:   minivault_19, minivault_27
Lair:3:   nicolae_quartered_pool_super, serial_bayou_pond_a,
          serial_bayou_lagoon_a, serial_bayou_shore_a, lemuel_fruit_fields
Lair:4:   minmay_shoals_entry_beasts, dummy_snake_entry, grunt_megastairs_4,
          uniq_josephine
Lair:5:   pond_and_an_island_with_a_cottage, dpeg_slime_entry_enclosed_altar,
          minmay_lair_oklob_chamber, lemuel_fruit_fields
Lair:6:   hangedman_lair_tendril_chambers
Shoals:1: uniq_roxanne
Shoals:2: serial_shops, shop, shop_coins, nicolae_shop_stone, shop,
          uniq_polyphemus, uniq_aizul, uniq_jorgrun
Shoals:3: cheibrodos_shoals_gigantism, uniq_ilsuiw, uniq_donald
Shoals:4: shoals_end_grunt_ice, shoals_ilsuiw_ice
Snake:1:  minmay_snake_river, uniq_azrael
Snake:2:  serial_shops, shop, minmay_shoptagon
Snake:3:  grunt_megastairs_1
Snake:4:  snake_pit, serial_shops, nicolae_shop_waterfront,
          basic_stair_grate_trap
Slime:3:  basic_altar
Orc:1:    hangedman_minor_magic
Orc:2:    pubby_orc_utopia
Elf:1:    eino_elf_arrival_altar, evilmike_minifort
Elf:3:    minmay_elf_hall_curves
Vaults:1: vaults_room_large_hall, v_rooms_2, dpeg_vaults_waves, v_rooms_3,
          ontoclasm_vaults_ring_square, dpeg_vaults_monster_box, v_misc_26,
          ontoclasm_vaults_eye, hangedman_vaults_capsules
Vaults:2: vaults_mumra_minichess, vaults_room_pools, vaults_room_large_hall,
          nicolae_vaults_network_barrier, vaults_room_pool, v_misc_22,
          nicolae_vaults_little_squares_3, nicolae_vaults_theta,
          ontoclasm_vaults_chip
Vaults:3: ontoclasm_vaults_shuriken, v_alt_pattern_6,
          vaults_standard_mumra_enter_the_diamond, grunt_vaults_focal,
          minmay_crypt_entry_necro_gods, grunt_vaults_twisty, v_rooms_5,
          st_lattice, vaults_room_stairs_pillars, v_misc_14,
          grunt_vaults_diagonal, hangedman_vaults_nails,
          nicolae_vaults_three_branches, v_misc_22, vaults_room_semicircle,
          uniq_saint_roka
Vaults:4: v_misc_27, nicolae_vaults_theta, v_misc_30, v_pattern_4,
          grunt_vaults_bifocal, hangedman_vaults_cutoff,
          vaults_room_grunt_arrival_ludios, v_rooms_1,
          ontoclasm_vaults_ring_square, v_misc_14
Vaults:5: serial_shops
Crypt:1:  uniq_boris
Crypt:2:  uniq_khufu
Crypt:3:  church_of_pain_bobbens, tomb_entry_simple_bobbens, minivault_27
Depths:1: abyss_entry, tso_altar, hell_entry, st_stairs_8, abandoned_shop,
          corexii_leaking_fountain, hangedman_decor_opposing,
          nicolae_for_you_no_charge, minmay_shop_star, firewood_loft
Depths:2: minmay_crescents, hangedman_geh_valley, kennysheep_generic_room_4,
          minmay_staircase_statues
Depths:3: hangedman_pleasuredromes, pan_entry, hell_entry, uniq_enchantress
Depths:4: kennysheep_oblong_rooms, abyss_entry, infiniplex_staircase_door_maze,
          mu_enter_wizlab_7, lightli_too_deep, serial_shops, shop_statue
Depths:5: evilmike_zot_entry_hall, enter_ziggurat_a, serial_bayou_pond_a,
          hell_entry, minmay_misc_feat_enclosed, spider_trap,
          guppyfry_shop_earth, uniq_mennas
Dis:3:    grunt_megastairs_3
Dis:4:    nicolae_dis_lava_storage_tank
Dis:7:    iron_city_of_dis
Geh:2:    minmay_fire_ice_demons
Geh:3:    hangedman_elemental_corridor
Geh:4:    grunt_deathspiral_small, gehenna_fire_generator
Geh:5:    lemuel_flamethrower_3
Geh:7:    geh_hangedman
Tar:2:    nicolae_tar_cuneiform_bird
Tar:4:    lemuel_nasty_fountain
Tar:5:    nicolae_tar_cuneiform_to_be
Tar:7:    tar_grunt_cathedral
Zot:1:    grunt_ministairs_2
Zot:2:    basic_loot_grate_trap
Zot:3:    st_small_dragon_hoard_5
Abyss:3:  lemuel_flamethrower_3
Abyss:4:  evilmike_abyss_exit_12, nicolae_abyss_rune_left_handed
Pan:      grunt_pan_frozen_over, pan_blood_fountain_small,
          evilmike_mini_pan_pillars, evilmike_mini_pan_thingy,
          grunt_pan_pentagram, regret_index_pan_draining_boxed,
          pan_blood_fountain_2, evilmike_mini_pan_possible_glass,
          evilmike_mini_pan_thingy, nicolae_pan_mnolegish_4,
          nicolae_pan_hourglass
Lab:      nicolae_lab_dead_adventurers, labyrinth_lava_lair,
          nicolae_lab_quarters, nicolae_lab_big_swirl, nicolae_lab_dead_end
Sewer:    sewer_co_tree
WizLab:   wizlab_wucad

Skill      XL: |  1  2  3  4  5  6  7  8  9 10 11 12 13 14 15 16 17 18 19 20 21 22 23 24 25 26 27 |
---------------+----------------------------------------------------------------------------------+-----
Dodging        | 7 8 9 10 11 15 14 16 17 19 20 21 | 21.9
Unarmed Combat | 6 7 8 9 10 11 12 14 15 17 18 19 22 | 22.5
Stealth        | 1 2 3 5 6 7 8 10 11 12 13 14 16 18 20 21 22 | 22.0
Spellcasting   | 1 2 3 4 5 6 8 9 10 12 13 15 16 18 24 | 24.1
Earth Magic    | 2 3 4 5 7 8 10 11 | 11.3
Hexes          | 1 2 3 4 |  4.1
Evocations     | 1 2 3 4 5 6 7 9 10 12 14 17 16 19 | 19.5
Fighting       | 4 5 6 7 9 13 14 15 23 21 | 23.2
Transmutations | 3 6 8 10 12 | 12.1
Invocations    | 3 5 9 |  9.9
Charms         | 4 5 6 9 10 | 10.0
Necromancy     | 3 4 17 13 | 17.9
Air Magic      | 4 5 6 8 9 20 | 20.2
Fire Magic     | 4 8 11 12 | 12.1
Translocations | 10 15 16 | 16.1
Summonings     | 5 8 11 | 11.5
Conjurations   | 4 6 |  6.0

Action                   |  1- 3 |  4- 6 |  7- 9 | 10-12 | 13-15 | 16-18 | 19-21 | 22-24 | 25-27 || total
-------------------------+-------+-------+-------+-------+-------+-------+-------+-------+-------++-------
Melee: Unarmed           |   110 |   277 |   515 |   855 |  1132 |  1308 |  1355 |  1194 |  4023 || 10769
       Bite              |     4 |    24 |    65 |   184 |   199 |   220 |   275 |   229 |   718 ||  1918
       Punch             |       |     6 |    12 |    59 |   102 |   134 |   178 |   175 |   645 ||  1311
       Headbutt          |       |    33 |    39 |       |       |       |       |       |       ||    72
 Cast: Sting             |       |       |     5 |       |       |       |     1 |       |       ||     6
       Apportation       |       |       |     2 |     9 |       |       |       |       |       ||    11
       Lee's Rapid Decon |       |       |       |     2 |     8 |       |       |       |       ||    10
       Statue Form       |       |       |       |       |    60 |   102 |    86 |    58 |   264 ||   570
       Regeneration      |       |       |       |       |     6 |    48 |    46 |    21 |   211 ||   332
       Mephitic Cloud    |       |       |       |       |       |    18 |     4 |     3 |     2 ||    27
       Deflect Missiles  |       |       |       |       |       |       |     5 |     3 |     4 ||    12
       Song of Slaying   |       |       |       |       |       |       |     2 |     5 |     1 ||     8
       Shroud of Golubri |       |       |       |       |       |       |     1 |     3 |     1 ||     5
       Animate Dead      |       |       |       |       |       |       |     1 |     2 |     1 ||     4
       Blink             |       |       |       |       |       |       |     2 |       |     3 ||     5
       Confusing Touch   |       |       |       |       |       |       |     1 |       |       ||     1
       Summon Forest     |       |       |       |       |       |       |       |     1 |    41 ||    42
       Control Undead    |       |       |       |       |       |       |       |       |    29 ||    29
       Malign Gateway    |       |       |       |       |       |       |       |       |    58 ||    58
       Infestation       |       |       |       |       |       |       |       |       |     7 ||     7
       Haunt             |       |       |       |       |       |       |       |       |     4 ||     4
Invok: Slouch            |       |       |       |       |     1 |    13 |    20 |     1 |    18 ||    53
 Abil: End Transformatio |       |       |       |       |       |       |       |       |     1 ||     1
Evoke: Wand              |       |     2 |    11 |    43 |     8 |    26 |     8 |     9 |     7 ||   114
       Lamp of fire      |       |       |       |       |       |       |     2 |     2 |     1 ||     5
       Box of beasts     |       |       |       |       |       |       |       |       |     8 ||     8
       Horn of Geryon    |       |       |       |       |       |       |       |       |     2 ||     2
       Sack of spiders   |       |       |       |       |       |       |       |       |     1 ||     1
  Use: Scroll            |       |     5 |     7 |    20 |     9 |    12 |    21 |     8 |    29 ||   111
       Potion            |       |     5 |     5 |     6 |     3 |     6 |     9 |     4 |    19 ||    57
 Stab: Sleeping          |     3 |     3 |    11 |    48 |    61 |    38 |    24 |    29 |    47 ||   264
       Confused          |     1 |       |     2 |    12 |       |    11 |     1 |     4 |     2 ||    33
       Distracted        |       |     4 |     4 |     5 |    10 |     6 |     8 |    15 |    50 ||   102
       Paralysed         |       |       |       |     1 |       |     1 |       |       |     1 ||     3
       Petrified         |       |       |       |       |       |     1 |       |       |     2 ||     3
  Eat: Chunk             |    12 |    68 |    58 |    35 |    51 |    69 |   111 |    73 |    78 ||   555
       Meat ration       |       |       |     4 |       |       |       |       |       |       ||     4
       Royal jelly       |       |       |       |       |       |     1 |     1 |     4 |    16 ||    22
Armor: Skin              |     3 |    19 |    74 |    71 |   207 |   371 |   337 |   224 |   930 ||  2236
Dodge: Dodged            |   108 |   247 |   480 |  1035 |  1993 |  3412 |  3403 |  2470 | 10975 || 24123
       Deflected         |       |       |       |       |       |       |    58 |    12 |    64 ||   134
